Workbook

Sheet ESTUDIO DEL SECTOR 
E2: FONDO DE DESARROLLO LOCAL DE KENNEDY
B3: FORMATO DE SOLICITUD DE COTIZACIÓN
B4: OBJETO: SUMINISTRO Y DISTRIBUCIÓN DE ELEMENTOS TECNOLÓGICOS, EQUIPOS DE CÓMPUTO, CONECTIVIDAD Y ROBÓTICA, PARA EL FORTALECIMIENTO DE LOS ESPACIOS Y ACTIVIDADES DE LOS PROYECTOS DE INVERSIÓN DEL FONDO DE DESARROLLO LOCAL DE KENNEDY
I6: TESERACT SAS | K6: FUNDACION JUGANDO EN SERIO | M6: FUNDACIÓN SERVISAMOA | O6: ANALISIS DE PRECIOS
B7: No. | C7: ITEM | D7: CARACTERISTICAS | F7: UNIDAD DE MEDIDA | G7: UNIDADES | H7: PORCENTAJE DE IVA | I7: VALOR UNITARIO ANTES DE IVA | J7: VALOR TOTAL INCLUIDO IVA | K7: VALOR UNITARIO ANTES DE IVA | L7: VALOR TOTAL INCLUIDO IVA | M7: VALOR UNITARIO ANTES DE IVA | N7: VALOR TOTAL INCLUIDO IVA | O7: PROMEDIO SIMPLE VR UNITARIO ANTES DE IVA | P7: VALOR UNITARIO INLUIDO IVA | Q7: MEDIA GEOMETRICA VR ANTES DE IVA | R7: PRECIO UNITARIO INLUIDO IVA
B8: 1 | C8: CORTADORA PARA FOTOGRAFÍA | D8: CORTADORA INDUSTRIAL 400 HOJAS. | F8: UNIDAD | G8: 1 | H8: 0.19 | I8: =+TESERACT!H11 -> 938526.96 | J8: =I8*(1+H8) -> 1116847.1 | K8: =+'FUND JUGANDO EN SERIO'!H11 -> 672000 | L8: =K8*(1+H8) -> 799680 | M8: =+'FUNDA SERVI '!H11 -> 772800 | N8: =M8*(1+H8) -> 919632 | O8: =ROUND(AVERAGE(I8,K8,M8),0) -> 794442 | P8: =ROUND(O8*(1+H8),0) -> 945386 | Q8: =ROUND(GEOMEAN(I8,K8,M8),0) -> 786975 | R8: =ROUND(Q8*(1+H8),0) -> 936500
B9: 2 | C9: CABLE 1 A 1 | D9: “2/3/5/10/15 M, CABLE BLINDADO PROFESIONAL, CONECTORES 1 ENTRADA A 1 SALIDA, TRANSMISIÓN DE AUDIO ESTABLE, RECUBRIMIENTO RESISTENTE Y CONECTORES METÁLICOS REFORZADOS. | F9: UNIDAD | G9: 1 | H9: 0.19 | I9: =+TESERACT!H12 -> 92875.064 | J9: =I9*(1+H9) -> 110521.33 | K9: =+'FUND JUGANDO EN SERIO'!H12 -> 66500 | L9: =K9*(1+H9) -> 79135 | M9: =+'FUNDA SERVI '!H12 -> 76475 | N9: =M9*(1+H9) -> 91005.25 | O9: =ROUND(AVERAGE(I9,K9,M9),0) -> 78617 | P9: =ROUND(O9*(1+H9),0) -> 93554 | Q9: =ROUND(GEOMEAN(I9,K9,M9),0) -> 77878 | R9: =ROUND(Q9*(1+H9),0) -> 92675
B10: 3 | C10: MICROFONO PROFESIONAL ESTUDIO/PODCAST CON SOPORTE | D10: MICROFONO PROFESIONAL, FRECUENCIA DE RESPUESTA MÍNIMO: 50 A 15.000 HZ, SENSIBILIDAD (A 1,000 HZ): IMPEDANCIA NOMINAL DE MÍNIMO 150 OHMS: CONECTOR DE 3 PINES DE AUDIO PROFESIONAL (MACHO XLR Y/O PLUG DE ¼,), COMPATIBLE CON LA CABINA AUTOPOTENCIADA, SE DEBE INCLUIR LOS CONECTORES NECESARIOS PARA LA CONEXIÓN CON LA TORRE DE SONIDO PROFESIONAL. GARANTÍA DE 1 AÑO, INCLUYE PARTES Y MANO DE OBRA. | F10: UNIDAD | G10: 1 | H10: 0.19 | I10: =+TESERACT!H15 -> 1564211.6 | J10: =I10*(1+H10) -> 1861411.8 | K10: =+'FUND JUGANDO EN SERIO'!H15 -> 1120000 | L10: =K10*(1+H10) -> 1332800 | M10: =+'FUNDA SERVI '!H15 -> 1288000 | N10: =M10*(1+H10) -> 1532720 | O10: =ROUND(AVERAGE(I10,K10,M10),0) -> 1324071 | P10: =ROUND(O10*(1+H10),0) -> 1575644 | Q10: =ROUND(GEOMEAN(I10,K10,M10),0) -> 1311625 | R10: =ROUND(Q10*(1+H10),0) -> 1560834
B11: 4 | C11: EXTENSIONES ELÉCTRICAS | D11: WATTS: 1651W VOLTIOS: AC 110V-127V MÁXIMO POWER:1651W AMPERAJE:13A MEDIDAS: 20M DE CABLE GRUESO WATTS: 1651W VOLTIOS: AC 110V-127V | F11: UNIDAD | G11: 1 | H11: 0.19 | I11: =+TESERACT!H16 -> 410605.55 | J11: =I11*(1+H11) -> 488620.6 | K11: =+'FUND JUGANDO EN SERIO'!H16 -> 294000 | L11: =K11*(1+H11) -> 349860 | M11: =+'FUNDA SERVI '!H16 -> 338100 | N11: =M11*(1+H11) -> 402339 | O11: =ROUND(AVERAGE(I11,K11,M11),0) -> 347569 | P11: =ROUND(O11*(1+H11),0) -> 413607 | Q11: =ROUND(GEOMEAN(I11,K11,M11),0) -> 344302 | R11: =ROUND(Q11*(1+H11),0) -> 409719
B12: 5 | C12: AROS DE LUZ | D12: LUZ LED FLASH CON CONTROL, 3 BLANCOS Y 3 MULTICOLOR | F12: UNIDAD | G12: 1 | H12: 0.19 | I12: =+TESERACT!H17 -> 606131.99 | J12: =I12*(1+H12) -> 721297.07 | K12: =+'FUND JUGANDO EN SERIO'!H17 -> 434000 | L12: =K12*(1+H12) -> 516460 | M12: =+'FUNDA SERVI '!H17 -> 499100 | N12: =M12*(1+H12) -> 593929 | O12: =ROUND(AVERAGE(I12,K12,M12),0) -> 513077 | P12: =ROUND(O12*(1+H12),0) -> 610562 | Q12: =ROUND(GEOMEAN(I12,K12,M12),0) -> 508255 | R12: =ROUND(Q12*(1+H12),0) -> 604823
B13: 6 | C13: PANTALLA INTERACTIVA | D13: TECNOLOGÍA Y TAMAÑO: PANTALLA INTERACTIVA TÁCTIL (TOUCHSCREEN) DE MÍNIMO 65 PULGADAS. TECNOLOGÍA LED O IPS, ANTIRREFLEJO. EL SISTEMA TÁCTIL DEBE SER PARTE INTEGRAL DEL CHASIS. RESOLUCIÓN Y BRILLO: RESOLUCIÓN MÍNIMA 4K UHD (3840 X 2160). RELACIÓN DE ASPECTO 16:9, CONTRASTE MÍNIMO 1600:1 Y BRILLO MÍNIMO DE 350 CD/M2. ÁNGULO DE VISIÓN MÍNIMO DE 178°. INTERACTIVIDAD: MULTI-TOUCH DE MÍNIMO 10 TOQUES SIMULTÁNEOS. DEBE INCLUIR FUNCIÓN DE SCREEN MIRRORING (PROYECCIÓN INALÁMBRICA DESDE OTROS DISPOSITIVOS). HARDWARE INTERNO: MEMORIA RAM MÍNIMA DE 8 GB. ALMACENAMIENTO INTERNO MÍNIMO DE 500 GB. DEBE CONTAR CON SISTEMA OPERATIVO NATIVO EN SU ÚLTIMA VERSIÓN DISPONIBLE. PROTECCIÓN: PANEL FRONTAL CON VIDRIO TEMPLADO ANTIVANDÁLICO PARA PROTECCIÓN CONTRA GOLPES Y RAYONES. CONECTIVIDAD: MÍNIMO 2 PUERTOS USB 3.0 O SUPERIOR, 1 PUERTO DE RED RJ45, 2 PUERTOS HDMI, 1 PUERTO DISPLAYPORT. CONEXIÓN WI-FI Y BLUETOOTH INTEGRADOS. AUDIO: PARLANTES INTEGRADOS CON SALIDA DE AUDIO Y COMPATIBILIDAD CON ALTAVOCES EXTERNOS. SOFTWARE: SOFTWARE INTERACTIVO DE LA MISMA MARCA DE LA PANTALLA (ENSAMBLE ORIGINAL DE FÁBRICA). LICENCIAMIENTO PERPETUO CON ACTUALIZACIONES GRATUITAS DESCARGABLES POR UN PERIODO NO MENOR A CINCO (5) AÑOS. LA LICENCIA NO DEBE PERDERSE SI SE CAMBIA DE EQUIPO. ACCESORIOS Y SOPORTES: DEBE INCLUIR: CÁMARA WEB INTEGRADA O EXTERNA DE MÍNIMO 1080P CON MICRÓFONO. CONECTORES DE AUDIO 3.5MM. LÁPICES ÓPTICOS (STYLUS), CONTROL REMOTO, CABLE DE PODER, MANUALES, CABLE HDMI, CABLE USB, SEÑALADOR Y ANTENAS WI-FI. DEBE INCLUIR SOPORTE DE PISO METÁLICO CON RUEDAS Y FRENO. CERTIFICACIONES: MANEJO DE CONSUMO DE ENERGÍA ENERGY STAR O EQUIVALENTE (CHINA CERTIFICATE / ECODESIGN). GARANTÍA: TRES (3) AÑOS DE GARANTÍA DIRECTA DE FÁBRICA. | F13: UNIDAD | G13: 1 | H13: 0.19 | I13: =+TESERACT!H18 -> 12611456 | J13: =I13*(1+H13) -> 15007633 | K13: =+'FUND JUGANDO EN SERIO'!H18 -> 9030000 | L13: =K13*(1+H13) -> 10745700 | M13: =+'FUNDA SERVI '!H18 -> 10384500 | N13: =M13*(1+H13) -> 12357555 | O13: =ROUND(AVERAGE(I13,K13,M13),0) -> 10675319 | P13: =ROUND(O13*(1+H13),0) -> 12703630 | Q13: =ROUND(GEOMEAN(I13,K13,M13),0) -> 10574979 | R13: =ROUND(Q13*(1+H13),0) -> 12584225
B14: 7 | C14: BARRA LED ULTRAVIOLETA (UV) | D14: LONGITUD APROXIMADA DE 1 METRO, EQUIPADA CON MÍNIMO 18 A 24 LEDS UV DE 3W, CON ENTRADA Y SALIDA DMX512 (XLR DE 3 PINES), MÍNIMO 8 CANALES DMX. | F14: UNIDAD | G14: 1 | H14: 0.19 | I14: =+TESERACT!H19 -> 342171.29 | J14: =I14*(1+H14) -> 407183.83 | K14: =+'FUND JUGANDO EN SERIO'!H19 -> 245000 | L14: =K14*(1+H14) -> 291550 | M14: =+'FUNDA SERVI '!H19 -> 281750 | N14: =M14*(1+H14) -> 335282.5 | O14: =ROUND(AVERAGE(I14,K14,M14),0) -> 289640 | P14: =ROUND(O14*(1+H14),0) -> 344672 | Q14: =ROUND(GEOMEAN(I14,K14,M14),0) -> 286918 | R14: =ROUND(Q14*(1+H14),0) -> 341432
B15: 8 | C15: PANTALLA ALL IN ONE DE 65 PULGADAS | D15: PANTALLA ALL IN ONE DE 65 PULGADAS, TECNOLOGÍA DEL PANEL LED Y/O LCD, DURABILIDAD DEL PANEL EN EL RANGO DE 50.000 HORAS MÍNIMO, TECNOLOGÍA MÍNIMO 4K, • RESOLUCIÓN: MÍNIMO 3840 X 2160 O SUPERIOR,TAMAÑO DE PANTALLA: 65" O SUPERIOR, PROTECCIÓN: VIDRIO TEMPLADO DE 4 MM CON ANTIRREFLEJO DE FÁBRICA, CON DUREZA DEL VIDRIO (7 MOHS), RELACIÓN DE ASPECTO: 16:9 O SUPERIOR, CONTRASTE DINÁMICO: 4000:1 O SUPERIOR, • PUERTOS Y CONECTIVIDAD PUERTO HDMI MÍNIMO (1), MÍNIMO (1) PUERTO VGA, PUERTO DE SALIDA DE AUDIO MÍNIMO (1), ENTRADA DE MICRÓFONO MÍNIMO (1) , PUERTOS USB 2.0 MÍNIMO (2), PUERTO USB-C 3.2 (AUDIO, VIDEO, TOUCH), CONTROL EXTERNO Y RECEPTOR DE INFRARROJOS (1), LAN RJ45, AUDIO: POTENCIA PARLANTES 20W (10 WATTS RMS * 2), TECNOLOGÍA TOUCH: INFRARROJO Y/O ULTRA-FINE TOUCH, RESOLUCIÓN TOUCH: 32767 X 32767 O SUPERIOR, TIEMPO DE RESPUESTA: ≤ 10 MS MÍNIMO, TOQUES SIMULTÁNEOS: MÍNIMO 20 EN ANDROID Y 40 EN WINDOWS, MÉTODOS DE TOQUE: DEDO Y/O LÁPIZ, SALIDA TOUCH PC: USB-B / 2.0 Y/O USB-A, COMPATIBILIDAD: PLUG AND PLAY, SISTEMA OPERATIVO: ANDROID MÍNIMO 10.0 CON PLAY STORE, WINDOWS 11 BÁSICO Y/O MAC. CARACTERÍSTICAS DEL COMPUTADOR INTEGRADO (OPS), PROCESADOR: INTEL CORE I7 DE 12 GENERACIÓN, MÍNIMO 2.1 GHZ (O EQUIVALENTE EN AMD), ARQUITECTURA: 64 BITS MEMORIA RAM MÍNIMO 8GB, ALMACENAMIENTO: MÍNIMO 500 GB HDD Y/O 256 GB SSD, TARJETA DE VIDEO: INTEL HD GRAPHICS DE 1 GB, PUERTOS CPU: MÍNIMO 6 PUERTOS USB ADICIONALES Y 1 PUERTO HDMI, RED: * TARJETA DE RED INALÁMBRICA INCORPORADA, TARJETA DE RED 10/100/1000 O SUPERIOR, SOPORTE NORMATIVIDAD 802.11 B/G/N A 300 MBPS, CERTIFICACIONES Y NORMAS: ENERGY STAR, ROHS, REACH SVHC LIST, CE-UL, CUL, FCC-B / ICES-003B, WEEE Y OTRAS NORMAS AMBIENTALES A NIVEL MUNDIA, TECLADO EN ESPAÑOL INALAMBRICO COMPATIBLE CON EL COMPUTADOR INTEGRADO DE LA PANTALLA MOUSE ÓPTICO INALAMBRICO CON SCROLL COMPATIBLE CON EL COMPUTADOR INTEGRADO DE LA PANTALLA, SE DEBE INCLUIR LAS BATERIAS PARA EL TECLADO Y MOUSE MINIMO 4 PARES Y/O BATERIAS RECARGABLES POR USB. GARANTÍA 3 AÑOS EN SITIO, INCLUYE PARTES Y MANO DE OBRA, A PARTIR DEL RECIBO A SATISFACCIÓN POR PARTE DE LA . ASI MISMO DEBE TENER SISTEMA OPERATIVO ANDROID INDEPENDIENTE PARA EL MANEJO E INSTALACION DE APLICACIONES ANDROID. | F15: UNIDAD | G15: 1 | H15: 0.19 | I15: =+TESERACT!H20 -> 6843425.8 | J15: =I15*(1+H15) -> 8143676.6 | K15: =+'FUND JUGANDO EN SERIO'!H20 -> 4900000 | L15: =K15*(1+H15) -> 5831000 | M15: =+'FUNDA SERVI '!H20 -> 5635000 | N15: =M15*(1+H15) -> 6705650 | O15: =ROUND(AVERAGE(I15,K15,M15),0) -> 5792809 | P15: =ROUND(O15*(1+H15),0) -> 6893443 | Q15: =ROUND(GEOMEAN(I15,K15,M15),0) -> 5738361 | R15: =ROUND(Q15*(1+H15),0) -> 6828650
B16: 9 | C16: EXTENSIONES ELÉCTRICAS | D16: WATTS: 1651W VOLTIOS: AC 110V-127V MÁXIMO POWER:1651W AMPERAJE:13A MEDIDAS: 4M, DE CABLE GRUESO | F16: UNIDAD | G16: 1 | H16: 0.19 | I16: =+TESERACT!H21 -> 87986.903 | J16: =I16*(1+H16) -> 104704.41 | K16: =+'FUND JUGANDO EN SERIO'!H21 -> 63000 | L16: =K16*(1+H16) -> 74970 | M16: =+'FUNDA SERVI '!H21 -> 72450 | N16: =M16*(1+H16) -> 86215.5 | O16: =ROUND(AVERAGE(I16,K16,M16),0) -> 74479 | P16: =ROUND(O16*(1+H16),0) -> 88630 | Q16: =ROUND(GEOMEAN(I16,K16,M16),0) -> 73779 | R16: =ROUND(Q16*(1+H16),0) -> 87797
B17: 10 | C17: FILTRO ANTIPOP | D17: REFLEXION NEEWER NW, PARA PROTECCIÓN DEL MICRÓFONO PROFESIONAL. | F17: UNIDAD | G17: 1 | H17: 0.19 | I17: =+TESERACT!H22 -> 498592.45 | J17: =I17*(1+H17) -> 593325.01 | K17: =+'FUND JUGANDO EN SERIO'!H22 -> 357000 | L17: =K17*(1+H17) -> 424830 | M17: =+'FUNDA SERVI '!H22 -> 410550 | N17: =M17*(1+H17) -> 488554.5 | O17: =ROUND(AVERAGE(I17,K17,M17),0) -> 422047 | P17: =ROUND(O17*(1+H17),0) -> 502236 | Q17: =ROUND(GEOMEAN(I17,K17,M17),0) -> 418081 | R17: =ROUND(Q17*(1+H17),0) -> 497516
B18: 11 | C18: DISCO DURO EXTERNO | D18: UNIDAD DE DISCO DURO MECÁNICO (HDD) EXTERNO PORTÁTIL FORMATO 2.5". CAPACIDAD DE ALMACENAMIENTO MÍNIMA DE 4 TB. INTERFAZ DE CONEXIÓN USB 3.0 / 3.2 GEN 1 O SUPERIOR. DEBE CONTAR CON CARCASA RUGERIZADA O PROTECCIÓN ANTIGOLPES. CABLE DE CONEXIÓN INCLUIDO. | F18: UNIDAD | G18: 1 | H18: 0.19 | I18: =+TESERACT!H23 -> 664789.93 | J18: =I18*(1+H18) -> 791100.02 | K18: =+'FUND JUGANDO EN SERIO'!H23 -> 476000 | L18: =K18*(1+H18) -> 566440 | M18: =+'FUNDA SERVI '!H23 -> 547400 | N18: =M18*(1+H18) -> 651406 | O18: =ROUND(AVERAGE(I18,K18,M18),0) -> 562730 | P18: =ROUND(O18*(1+H18),0) -> 669649 | Q18: =ROUND(GEOMEAN(I18,K18,M18),0) -> 557441 | R18: =ROUND(Q18*(1+H18),0) -> 663355
B19: 12 | C19: DIADEMA DE MICROFONO | D19: AUDÍFONOS DE TAMAÑO COMPLETO, CIRCULARES, DE MONITOREO, DE POR LO MENOS FRECUENCIAS ENTRE 20 HZ A 20 KHZ, IMPEDANCIA MÍNIMA DE 32 OHMS Y SENSIBILIDAD MÍNIMA DE 100 DB, MICRÓFONO CON CONDENSADOR CON SUPRESIÓN DE RUIDO, LONGITUD DE CABLE MÍNIMO DE 1,5 MTS CONEXIÓN POR USB Y/O CONECTOR JACK DE 3,5 MM. | F19: UNIDAD | G19: 1 | H19: 0.19 | I19: =+TESERACT!H24 -> 215079.1 | J19: =I19*(1+H19) -> 255944.12 | K19: =+'FUND JUGANDO EN SERIO'!H24 -> 154000 | L19: =K19*(1+H19) -> 183260 | M19: =+'FUNDA SERVI '!H24 -> 177100 | N19: =M19*(1+H19) -> 210749 | O19: =ROUND(AVERAGE(I19,K19,M19),0) -> 182060 | P19: =ROUND(O19*(1+H19),0) -> 216651 | Q19: =ROUND(GEOMEAN(I19,K19,M19),0) -> 180348 | R19: =ROUND(Q19*(1+H19),0) -> 214614
B20: 13 | C20: CABINA AUTOPOTENCIADA | D20: ENTRADA DE 1 X MIC XLR O PLUG DE ¼, ENTRADA DE LÍNEA 1 X JACK, SALIDA MÍNIMA DE 1 X JACK, ECUALIZADOR DE GRAVES. AGUDOS, RESPUESTA DE FRECUENCIA MÍNIMO 70 HZ - 18 KHZ. LECTOR DE MEMORIAS USB Y TARJETA SD, Y/O CON SU RESPECTIVO ADAPTADOR. GARANTÍA DE 1 AÑO, INCLUYE PARTES Y MANO DE OBRA, LA INSTALACIÓN DEBERÁ SER RESPONSABILIDAD DEL CONTRATISTA, EL PROCESO DE INSTALACIÓN ES EL SIGUIENTE: SE DEBE ENTREGAR Y PROBAR QUE FUNCIONA LA CABINA AUTO POTENCIADA CON EL PROCEDIMIENTO BÁSICO DE ENCENDIDO, CONEXIÓN DEL CABLE DE PODER A UNA TOMA DE CORRIENTE REGULADA, SE DEBE VERIFICAR EL FUNCIONAMIENTO DE LOS ACCESORIOS QUE SE ENTREGUEN CON LA CABINA. EL CONTRATISTA EL DÍA DE LA PRESENTACIÓN DE LAS MUESTRAS DEBERÁ SUMINISTRAR A LA SECRETARIA DE EDUCACIÓN DEL DISTRITO LA CERTIFICACIÓN EXPEDIDA POR EL FABRICANTE DE LA CABINA, QUE GARANTICE EL SUMINISTRO DE REPUESTOS ORIGINALES, DURANTE MÍNIMO TRES AÑOS. EL FABRICANTE DE LAS CABINAS DEBE TENER PRESENCIA DIRECTA EN EL PAÍS A TRAVÉS DE SUCURSAL O SUBSIDIARIA. (ADJUNTAR CERTIFICADO DE CÁMARA DE COMERCIO). | F20: UNIDAD | G20: 1 | H20: 0.19 | I20: =+TESERACT!H25 -> 2248554.2 | J20: =I20*(1+H20) -> 2675779.5 | K20: =+'FUND JUGANDO EN SERIO'!H25 -> 1610000 | L20: =K20*(1+H20) -> 1915900 | M20: =+'FUNDA SERVI '!H25 -> 1851500 | N20: =M20*(1+H20) -> 2203285 | O20: =ROUND(AVERAGE(I20,K20,M20),0) -> 1903351 | P20: =ROUND(O20*(1+H20),0) -> 2264988 | Q20: =ROUND(GEOMEAN(I20,K20,M20),0) -> 1885461 | R20: =ROUND(Q20*(1+H20),0) -> 2243699
B21: 14 | C21: CONSOLA MEZCLADORA DE AUDIO | D21: MÍNIMO 12 CANALES HÍBRIDOS (XLR O TRS), ENTRADAS XLR Y LÍNEA, ECUALIZACIÓN POR CANAL, SALIDA BALANCEADA SALIDA MAIN OUT EN XLR BALANCEADO. ALIMENTACIÓN PHANTOM +48V EN CANALES SELECCIONADOS. SALIDA DE AUDÍFONOS CON CONTROL DE VOLUMEN DEDICADO. COMPATIBLE CON USB PARA REPRODUCCIÓN Y GRABACIÓN. | F21: UNIDAD | G21: 1 | H21: 0.19 | I21: =+TESERACT!H26 -> 703895.22 | J21: =I21*(1+H21) -> 837635.31 | K21: =+'FUND JUGANDO EN SERIO'!H26 -> 504000 | L21: =K21*(1+H21) -> 599760 | M21: =+'FUNDA SERVI '!H26 -> 579600 | N21: =M21*(1+H21) -> 689724 | O21: =ROUND(AVERAGE(I21,K21,M21),0) -> 595832 | P21: =ROUND(O21*(1+H21),0) -> 709040 | Q21: =ROUND(GEOMEAN(I21,K21,M21),0) -> 590231 | R21: =ROUND(Q21*(1+H21),0) -> 702375
... B30: 23 | C30: CABLE 2 A 1 | D30: (Y SPLITTER) “2/3/5/10 M, CABLE BLINDADO PROFESIONAL, CONECTORES 2 ENTRADAS A 1 SALIDA, ALTA FIDELIDAD DE AUDIO, RECUBRIMIENTO RESISTENTE Y CONECTORES METÁLICOS REFORZADOS.” | F30: UNIDAD | G30: 1 | H30: 0.19 | I30: =+TESERACT!H35 -> 92875.064 | J30: =I30*(1+H30) -> 110521.33 | K30: =+'FUND JUGANDO EN SERIO'!H35 -> 66500 | L30: =K30*(1+H30) -> 79135 | M30: =+'FUNDA SERVI '!H35 -> 76475 | N30: =M30*(1+H30) -> 91005.25 | O30: =ROUND(AVERAGE(I30,K30,M30),0) -> 78617 | P30: =ROUND(O30*(1+H30),0) -> 93554 | Q30: =ROUND(GEOMEAN(I30,K30,M30),0) -> 77878 | R30: =ROUND(Q30*(1+H30),0) -> 92675
B31: 24 | C31: TARJETA SD | D31: TIPO: SDXC, INTERFAZ: UHS-I, CLASE DE VELOCIDAD: CLASS 10, U3, V30, CAPACIDAD: MÍNIMO 128 GB (IDEAL 256 GB), VELOCIDAD DE ESCRITURA: ≥90 MB/S, VELOCIDAD DE LECTURA: ≥160–200 MB/S, RENDIMIENTO: GRABACIÓN ESTABLE EN 4K UHD, DURABILIDAD: RESISTENTE AL AGUA, GOLPES, TEMPERATURAS EXTREMAS Y RAYOS X. | F31: UNIDAD | G31: 1 | H31: 0.19 | I31: =+TESERACT!H37 -> 322618.64 | J31: =I31*(1+H31) -> 383916.18 | K31: =+'FUND JUGANDO EN SERIO'!H37 -> 231000 | L31: =K31*(1+H31) -> 274890 | M31: =+'FUNDA SERVI '!H37 -> 265650 | N31: =M31*(1+H31) -> 316123.5 | O31: =ROUND(AVERAGE(I31,K31,M31),0) -> 273090 | P31: =ROUND(O31*(1+H31),0) -> 324977 | Q31: =ROUND(GEOMEAN(I31,K31,M31),0) -> 270523 | R31: =ROUND(Q31*(1+H31),0) -> 321922
B32: 25 | C32: TELEVISOR 55 PULGADAS | D32: TELEVISOR LED TIPO SMART DE MINIMO 55" RESOLUCIÓN 4K UHD DE MINIMO 3840 X 2160 PÍXELES, MÍNIMO; CON WIFI INCORPORADO; CONEXIÓN BLUETOOTH; SALIDA DE SONIDO PARA AMPLIFICAR; FILTRO DE RUIDO DIGITAL DISPONIBLE; DOLBY DIGITAL INTEGRADO; MÍNIMO 2 ALTAVOCES 1 VÍA; SALIDA DE SONIDO DE 10 W X 2 (RMS), MÍNIMO; 2 HDMI MÍNIMO; 1 USB MÍNIMO; LAN INALÁMBRICA INTEGRADA DISPONIBLE SOPORTE LAN POR CABLE (RJ 45); ENTRADA PC POR HDMI Y/O VGA; SE DEBE INSTALAR Y ENTREGAR SOPORTE EXCUALIZABLE CON BRAZO EXTENSIBLE PARA MONTAJE DE PARED DEL TELEVISOR, GARANTÍA DE 3 AÑOS, INCLUYE PARTES Y MANO DE OBRA, LA INSTALACIÓN DEBERA SER RESPONSABILIDAD DEL CONTRATISTA, EL PROCESO DE INSTALACIÓN ES EL SIGUIENTE: SE DEBE ENTREGAR Y PROBAR QUE FUNCIONA EL TELEVISOR LED DE 55”, CON EL PROCEDIMIENTO BÁSICO DE ENCENDIDO, CONEXIÓN DEL CABLE DE PODER A UNA TOMA DE CORRIENTE REGULADA, SE DEBE ENTREGAR INSTALADO EN LA PARED DE LADRILLO Y/O CONCRETO QUE INDIQUE EL FUNCIONARIO (A) RESPONSABLE DE RECIBIR ESTE, LA BASE Y/O SOPORTE SE DEBE ANCLAR CON LOS CHAZOS Y SOPORTES QUE SEAN NECESARIOS PARA SOSTENER Y AGUANTAR EL RESPETIVO PESO DEL TELEVISOR, SE DEBE VERIFICAR EL FUNCIONAMIENTO DE LOS ACCESORIOS QUE SE ENTREGUEN CON EL TELEVISOR LED DE 55”, SE DEBE ENTREGAR CON CONTROL REMOTO | F32: UNIDAD | G32: 1 | H32: 0.19 | I32: =+TESERACT!H38 -> 4329514.2 | J32: =I32*(1+H32) -> 5152122 | K32: =+'FUND JUGANDO EN SERIO'!H38 -> 3100000 | L32: =K32*(1+H32) -> 3689000 | M32: =+'FUNDA SERVI '!H38 -> 3565000 | N32: =M32*(1+H32) -> 4242350 | O32: =ROUND(AVERAGE(I32,K32,M32),0) -> 3664838 | P32: =ROUND(O32*(1+H32),0) -> 4361157 | Q32: =ROUND(GEOMEAN(I32,K32,M32),0) -> 3630392 | R32: =ROUND(Q32*(1+H32),0) -> 4320166
B33: 26 | C33: MAQUINA DE VIDEO JUEGO CUERPO COMPLETO | D33: CUERPO COMPLETO, PANTALLA DE 22″ USO PERSONAL, 25 SISTEMAS RETRO EN UNA SOLA MÁQUINA Y 12500 JUEGOS. SISTEMAS INCLUIDOS: CANTIDAD DE BOTONES: 8 BOTONES POR CADA JUGADOR + 1 BOTÓN DE RESET PARA CAMBIO DE JUEGO +2 BOTONES DE START. INCLUYE GARANTIA CERTIFICADA DE MANTENIMIENTO. MEDIDAS: ALTO 175 CM ANCHO 62 CM FONDO 45 CM | F33: UNIDAD | G33: 1 | H33: 0.19 | I33: =+TESERACT!H39 -> 1759738.1 | J33: =I33*(1+H33) -> 2094088.3 | K33: =+'FUND JUGANDO EN SERIO'!H39 -> 1260000 | L33: =K33*(1+H33) -> 1499400 | M33: =+'FUNDA SERVI '!H39 -> 1449000 | N33: =M33*(1+H33) -> 1724310 | O33: =ROUND(AVERAGE(I33,K33,M33),0) -> 1489579 | P33: =ROUND(O33*(1+H33),0) -> 1772599 | Q33: =ROUND(GEOMEAN(I33,K33,M33),0) -> 1475578 | R33: =ROUND(Q33*(1+H33),0) -> 1755938
B34: 27 | C34: CARRO DE CARGUE PARA EQUIPOS PORTATILES | D34: CAPACIDAD PARA 21 COMPUTADORES PORTÁTILES, BANDEJAS VERTICALES INDEPENDIENTES FORRADOS INTERNAMENTE Y EN SU SUPERFICIE CON MATERIAL ANTI ESTÁTICO CON CARGADORES Y CON CAPACIDAD PARA EQUIPOS DE PANTALLAS DE UN MÁXIMO DE 17” Y UN GROSOR MÁXIMO DE 40 MM, CADA COMPARTIMIENTO DEBE ESTAR ACONDICIONADO PARA PROTECCIÓN DE LOS EQUIPOS VERTICALES, TOMAS 21 INTERNAS, Y CUATRO TOMA CORRIENTES EXTERNAS, INCLUIDAS 4 MULTITOMAS CADA UNA DE 6 TOMAS, LA MULTITOMA DEBE TENER UN CABLE 5 MTS CADA UNA, ESTABILIZADOR ENERGÍA INTERNA CON POTENCIA DE MÍNIMO 4 KVA PROTECCIÓN DE ENERGÍA SISTEMA DE PROTECCIÓN DE ENERGÍA SOBRE CORRIENTE MEDIANTE INTERRUPTOR TÉRMICO NIVEL DE VOLTAJE ENTRADA PERMITIDO 83 A 135 VAC / 60 HZ, VOLTAJE NOMINAL 110 /115/120 VOLTAJE SALIDA 11 VOLTIOS, REGULACIÓN DE CARGA DE + / - 5% / 6 VOLTIOS, LÍNEAS DE ENTRADA DOS MONOFÁSICAS CON CAPACIDAD PARA 4 KVA CABLE DE CONEXIÓN PARED ENCAUCHETADO DE MIN 3 X 12 (FASE, NEUTRO, TIERRA) LONGITUD 5 MTS MÍNIMO, NORMAS DE CALIDAD DE COMPONENTE TODOS LOS COMPONENTES ELÉCTRICOS DEBEN CUMPLIR CON AL MENOS UNA DE LAS PRUEBAS DE LABORATORIO ETL O UL, RUEDAS 4 RODA CHINES TIPO RUEDA LOCA CON FRENO AUTOMÁTICO EN CADA UNA EN MATERIAL MACIZO, ESTRUCTURA LÁMINA DE ACERO MIN CALIBRE 18 TROQUELADO PARA DISMINUCIÓN DE PESO, DEBE TRAER PUERTA EN LA PARTE DELANTERA Y TRASERA DEL CARRO. SEGURIDAD CERRADURA DE SEGURIDAD CON CANDADOS DE CLAVE, EN LAS DOS PUERTAS TRASERA Y DELANTERA, BISAGRAS ANTIPALANCA VENTILACIÓN KIT 2 VENTILADORES A 120 VAC, ORIFICIOS DE VENTILACION MARCACIÓN DISTRIBUIDOS POR TODO EL ARMARIO PARA EVITAR SOBRE CALENTAMINIENTOS, MARCACION CON EL LOGO DE LA , MANIJAS PARTE SUPERIOR EN LA PARTE MÁS ANGOSTA PARA FACILITAR DESPLAZAMIENTO, GARANTÍA 5 AÑOS EN SITIO QUE INCLUYE PARTES Y MANO DE OBRA, A PARTIR DEL RECIBO A SATISFACCIÓN. | F34: UNIDAD | G34: 1 | H34: 0.19 | I34: =+TESERACT!H42 -> 4985924.5 | J34: =I34*(1+H34) -> 5933250.1 | K34: =+'FUND JUGANDO EN SERIO'!H42 -> 3570000 | L34: =K34*(1+H34) -> 4248300 | M34: =+'FUNDA SERVI '!H42 -> 4105500 | N34: =M34*(1+H34) -> 4885545 | O34: =ROUND(AVERAGE(I34,K34,M34),0) -> 4220475 | P34: =ROUND(O34*(1+H34),0) -> 5022365 | Q34: =ROUND(GEOMEAN(I34,K34,M34),0) -> 4180806 | R34: =ROUND(Q34*(1+H34),0) -> 4975159
B35: 28 | C35: CONSOLA | D35: CONSOLA DE VIDEOJUEGOS PORTÁTIL Y DE SOBREMESA EQUIPADA CON PANTALLA TÁCTIL LCD DE 7,9 PULGADAS, RESOLUCIÓN FULL HD (1920 X 1080 PÍXELES), COMPATIBILIDAD CON HDR10 Y FRECUENCIA DE ACTUALIZACIÓN VARIABLE DE HASTA 120 HZ. INCORPORA PROCESADOR PERSONALIZADO NVIDIA, ALMACENAMIENTO INTERNO DE 256 GB TIPO UFS Y CONECTIVIDAD WI-FI 6, BLUETOOTH Y PUERTO LAN MEDIANTE BASE DE CONEXIÓN. PERMITE SALIDA DE VIDEO HASTA 4K (3840 X 2160) A 60 FPS EN MODO TV Y HASTA 120 FPS EN RESOLUCIONES FULL HD Y 1440P. CUENTA CON ALTAVOCES ESTÉREO, MICRÓFONO INTEGRADO CON CANCELACIÓN DE RUIDO, DOS PUERTOS USB-C, ENTRADA PARA AUDÍFONOS DE 3,5 MM Y COMPATIBILIDAD CON TARJETAS DE JUEGO . INCLUYE BATERÍA RECARGABLE DE IONES DE LITIO DE 5220 MAH CON AUTONOMÍA APROXIMADA ENTRE 2 Y 6,5 HORAS, SEGÚN EL USO, Y TIEMPO DE CARGA ESTIMADO DE 3 HORAS. COMPATIBLE CON TARJETAS MICROSD EXPRESS DE HASTA 2 TB PARA AMPLIACIÓN DE ALMACENAMIENTO. | F35: UNIDAD | G35: 1 | H35: 0.19 | I35: =+TESERACT!H43 -> 2688488.7 | J35: =I35*(1+H35) -> 3199301.5 | K35: =+'FUND JUGANDO EN SERIO'!H43 -> 1925000 | L35: =K35*(1+H35) -> 2290750 | M35: =+'FUNDA SERVI '!H43 -> 2213750 | N35: =M35*(1+H35) -> 2634362.5 | O35: =ROUND(AVERAGE(I35,K35,M35),0) -> 2275746 | P35: =ROUND(O35*(1+H35),0) -> 2708138 | Q35: =ROUND(GEOMEAN(I35,K35,M35),0) -> 2254356 | R35: =ROUND(Q35*(1+H35),0) -> 2682684
B36: 29 | C36: CAMARA FULL HD | D36: CAMARA WEB FULL HD RESOLUCION 1080P/30 FPS (HASTA 1920 X 1080 PÍXELES), TIPO DE ENFOQUE: AUTOMÁTICO, TECNOLOGÍA DE LENTE: CRISTAL FULL HD, MICRÓFONO INTEGRADO: ESTÉREO, CAMPO VISUAL: 78°, CLIP UNIVERSAL COMPATIBLE CON TRÍPODES PARA MONITORES LCD, CRT O LAPTOPS, LONGITUD DE CABLE: MÍNIMO 1.5 M. DEBE SER PLUG AND PLAY. GARANTÍA: MÍNIMO DE 3 AÑOS SOBRE CADA UNO DE LOS ELEMENTOS QUE COMPONEN LA CAMARA WEB DEBE ENTREGAR CON SUS RESPETIVOS ACCESORIOS. | F36: UNIDAD | G36: 1 | H36: 0.19 | I36: =+TESERACT!H44 -> 439934.51 | J36: =I36*(1+H36) -> 523522.07 | K36: =+'FUND JUGANDO EN SERIO'!H44 -> 315000 | L36: =K36*(1+H36) -> 374850 | M36: =+'FUNDA SERVI '!H44 -> 362250 | N36: =M36*(1+H36) -> 431077.5 | O36: =ROUND(AVERAGE(I36,K36,M36),0) -> 372395 | P36: =ROUND(O36*(1+H36),0) -> 443150 | Q36: =ROUND(GEOMEAN(I36,K36,M36),0) -> 368895 | R36: =ROUND(Q36*(1+H36),0) -> 438985
B37: 30 | C37: CÁMARA FOTOGRÁFICA | D37: CÁMARA SEMIPROFESIONAL EOS SENSOR CMOS APS-C DE 24.1MP PROCESADOR DE IMÁGENES DIGIC 8 PANTALLA TÁCTIL DE ÁNGULO VARIABLE DE 3,0 “Y 1,04 M DE PUNTOS VIDEO UHD 4K24P Y PELÍCULA DE LAPSO DE TIEMPO 4K SISTEMA AF DE 9 PUNTOS; CMOS AF DE DOBLE PÍXEL ISO 100-25600, DISPARO DE HASTA 5 FPS WI-FI Y BLUETOOTH INTEGRADOS EF-S 18-55MM F/3.5-5.6 III LENTE CARACTERÍSTICAS DE LA CÁMARA:LENTE INTERCAMBIABLE COMPATIBILIDAD 4K SENSIBILIDAD ISO:AUTO 100-25600 (51200 MAX) CÁMARA POSTERIOR: 24.1 MP MEMORIA EXPANDIBLE: 200GB FORMATO DE IMAGEN: JPEG/RAW SENSIBILIDAD ISO: AUTO 100-25600 (51200 MAX) SENSOR DE IMAGEN CMOS DEBE INCLUIR MEMORIA MICRO SD DE 64G CONTENIDO DEL KIT: UNA CAMARA FOTOGRAFICA SEMIPROFESIONAL LENTE 18-55MM CARGADOR BATERÍA LP-E17 CORREA, Y ESTUCHE DE ALMACENAMIENTO EN LONA GRUESA, INCLUYE GARANTIA CERTIFICADA. | F37: UNIDAD | G37: 1 | H37: 0.19 | I37: =+TESERACT!H45 -> 9287506.4 | J37: =I37*(1+H37) -> 11052133 | K37: =+'FUND JUGANDO EN SERIO'!H45 -> 6650000 | L37: =K37*(1+H37) -> 7913500 | M37: =+'FUNDA SERVI '!H45 -> 7647500 | N37: =M37*(1+H37) -> 9100525 | O37: =ROUND(AVERAGE(I37,K37,M37),0) -> 7861669 | P37: =ROUND(O37*(1+H37),0) -> 9355386 | Q37: =ROUND(GEOMEAN(I37,K37,M37),0) -> 7787775 | R37: =ROUND(Q37*(1+H37),0) -> 9267452
B38: 31 | C38: EQUIPO DE COMPUTO PORTÁTIL CON DIADEMA INCLUIDA | D38: PROCESADOR MÍNIMO 8 NÚCLEOS, NUMERO DE SUBPROCESOS 16, CON FRECUENCIA BASE DE MÍNIMO 1.9 GHZ Y CUYO LANZAMIENTO EN EL MERCADO NO PUEDE SER SUPERIOR A 18 MESES, MEMORIA RAM DE 16 GB O SUPERIOR. ESCALABLE. A 32 GB EN RAM, DISCO DURO SDD MÍNIMO 1 TB PCIE NVME, PARLANTES ALTAVOCES ESTEREO INTERNOS, DIADEMA AUDÍFONO ESTÉREO Y MICRÓFONO COMPATIBLE CON EL EQUIPO OFERTADO. TAMAÑO PANTALLA MÍNIMO 14”, LED, BRILLO MÍNIMO 220 NITS, VIDEO HD GRAPHICS, INTEGRADA 1 GB (DINÁMICA), CONECTIVIDAD GIGABIT (10/100/1000) RJ 45, INTEGRADA, TARJETA INALÁMBRICA INTEGRADA, WIFI 6, 802.11AX, TECLADO EN ESPAÑOL RESISTENTE A DERRAMES O SALPICADURAS PUERTOS MÍNIMO 2 X USB 3.2 TIPO A O SUPERIOR LIBRES (UNO DE ELLOS CON CAPACIDAD DE CARGA), MÍNIMO 1 X USB 3.0 TIPO C, (CON CAPACIDAD DE ALIMENTACIÓN DE ENERGÍA Y DISPLAY PORT 1.2), MÍNIMO 1 X USB 2.0 TIPO A, 1 MICRO SD 3.0, 1X RJ 45, 1 PUERTO HDMI 1.4, CÁMARA WEB HD INTEGRADA AL CHASIS DEL EQUIPO CON OBTURADOR DE PRIVACIDAD. ADAPTADOR DE ALIMENTACIÓN DE CA PARA EL PORTÁTIL, SEGURIDAD FÍSICA (GUAYA) O ELECTRÓNICA PARA PREVENCIÓN ANTI-ROBO, EL COMPUTADOR DEBE DE SER CORPORATIVO. EL EQUIPO DEBE CUMPLIR CON LAS NORMAS ENERGY STAR MINIMO 7.0 Y NORMA AMBIENTAL EPEAT GOLD Y/O SILVER Y/O BRONZE, LA REFERENCIA DEL EQUIPO DEBE ESTAR REGISTRADO JUNTO CON SU CERTIFICADO EL CUAL DEBE ESTAR ACTIVO SEGÚN LA REFERENCIA Y/O LÍNEA DEL EQUIPO OFRECIDO EN LA PROPUESTA EN LA PAGINAS OFICIALES DE LA EPEAT - HTTPS://WWW.EPEAT.NET/, Y ENERGY STAR - HTTPS://WWW.ENERGYSTAR.GOV/ DEBE CONTAR CON LA CERTIFICACIÓN DE DURABILIDAD MIL-STD-810H. GARANTÍA 3 AÑOS EN SITIO, INCLUYE PARTES Y MANO DE OBRA, A PARTIR DEL RECIBO A SATISFACCIÓN POR PARTE DE LA . SE DEBE ADQUIRIR E INSTALAR CON LA ÚLTIMA EDICIÓN DEL SISTEMA OPERATIVO WINDOWS EN SU VERSIÓN PRO DE 64 BITS, POSTERIORMENTE EL PROPONENTE DEBERÁ REALIZAR LA ENTREGA A LA DE LAS LICENCIAS ADQUIRIDAS DEL SISTEMA OPERATIVO, EL PROPONENTE DEBE ENTREGAR EN SU PROPUESTA LA CERTIFICACIÓN EXPEDIDA POR EL FABRICANTE (CASA MATRIZ), MEDIANTE LA CUAL ACREDITE QUE ES DISTRIBUIDOR Y/O COMERCIALIZADOR AUTORIZADO DE LA MARCA DEL EQUIPO OFERTADO PARA ESTE PROCESO. DICHA CERTIFICACIÓN DEBERÁ SER EMITIDA DIRECTAMENTE POR EL FABRICANTE DE LOS EQUIPOS, LA CERTIFICACIÓN DEBE TENER FECHA DE EXPEDICIÓN NO SUPERIOR A UN (1) ANO ANTERIOR A LA ESTIPULADA COMO LÍMITE PARA PRESENTAR PROPUESTA. EN CASO DE PRÓRROGA DEL CIERRE DEL PRESENTE PROCESO, LA CERTIFICACIÓN TENDRÁ VALIDEZ CON RESPECTO A LA PRIMERA FECHA DE CIERRE. | F38: UNIDAD | G38: 1 | H38: 0.19 | I38: =+TESERACT!H46 -> 4692634.8 | J38: =I38*(1+H38) -> 5584235.4 | K38: =+'FUND JUGANDO EN SERIO'!H46 -> 3360000 | L38: =K38*(1+H38) -> 3998400 | M38: =+'FUNDA SERVI '!H46 -> 3864000 | N38: =M38*(1+H38) -> 4598160 | O38: =ROUND(AVERAGE(I38,K38,M38),0) -> 3972212 | P38: =ROUND(O38*(1+H38),0) -> 4726932 | Q38: =ROUND(GEOMEAN(I38,K38,M38),0) -> 3934876 | R38: =ROUND(Q38*(1+H38),0) -> 4682502
B39: 32 | C39: LENTES PARA CÁMARA PROFESIONAL | D39: 50 MM (RETRATO/PODCAST) | F39: UNIDAD | G39: 1 | H39: 0.19 | I39: =+TESERACT!H47 -> 1661974.8 | J39: =I39*(1+H39) -> 1977750 | K39: =+'FUND JUGANDO EN SERIO'!H47 -> 1190000 | L39: =K39*(1+H39) -> 1416100 | M39: =+'FUNDA SERVI '!H47 -> 1368500 | N39: =M39*(1+H39) -> 1628515 | O39: =ROUND(AVERAGE(I39,K39,M39),0) -> 1406825 | P39: =ROUND(O39*(1+H39),0) -> 1674122 | Q39: =ROUND(GEOMEAN(I39,K39,M39),0) -> 1393602 | R39: =ROUND(Q39*(1+H39),0) -> 1658386
B40: 33 | C40: COMPUTADOR CON PROGRAMAS PARA EDICIÓN (PAQUETE ADOBE) | D40: PORTATIL 1 T CON SOFWARE DE EDICIÓN (PROGRAMAS ADOBE) PROCESADOR RIZEN 7 | F40: UNIDAD | G40: 1 | H40: 0.19 | I40: =+TESERACT!H48 -> 4399345.1 | J40: =I40*(1+H40) -> 5235220.7 | K40: =+'FUND JUGANDO EN SERIO'!H48 -> 3150000 | L40: =K40*(1+H40) -> 3748500 | M40: =+'FUNDA SERVI '!H48 -> 3622500 | N40: =M40*(1+H40) -> 4310775 | O40: =ROUND(AVERAGE(I40,K40,M40),0) -> 3723948 | P40: =ROUND(O40*(1+H40),0) -> 4431498 | Q40: =ROUND(GEOMEAN(I40,K40,M40),0) -> 3688946 | R40: =ROUND(Q40*(1+H40),0) -> 4389846
B41: 34 | C41: BATERIAS Y CARGADOR | D41: CONFIGURACIÓN POR KIT: 4 BATERÍAS RECARGABLES AA 1 CARGADOR INTELIGENTE TIPO: NIMH (NÍQUEL METAL HIDRURO) TAMAÑO: AA CAPACIDAD: 2000 – 2800 MAH VOLTAJE NOMINAL: 1.2 V CICLOS DE CARGA: MÍNIMO 500 – 1000 CICLOS TIPO: CARGADOR INTELIGENTE AUTOMÁTICO CAPACIDAD: 2 A 4 BATERÍAS AA/AAA SIMULTÁNEAMENTE INDICADORES: LED O PANTALLA (ESTADO DE CARGA) PROTECCIÓN: SOBRECARGA CORTOCIRCUITO SOBRECALENTAMIENTO TIEMPO DE CARGA: 4 – 8 HORAS (SEGÚN CAPACIDAD) ALIMENTACIÓN: ENTRADA: 100–240V AC FRECUENCIA: 50/60 HZ | F41: UNIDAD | G41: 1 | H41: 0.19 | I41: =+TESERACT!H49 -> 215079.1 | J41: =I41*(1+H41) -> 255944.12 | K41: =+'FUND JUGANDO EN SERIO'!H49 -> 154000 | L41: =K41*(1+H41) -> 183260 | M41: =+'FUNDA SERVI '!H49 -> 177100 | N41: =M41*(1+H41) -> 210749 | O41: =ROUND(AVERAGE(I41,K41,M41),0) -> 182060 | P41: =ROUND(O41*(1+H41),0) -> 216651 | Q41: =ROUND(GEOMEAN(I41,K41,M41),0) -> 180348 | R41: =ROUND(Q41*(1+H41),0) -> 214614
B42: 35 | C42: TELEVISOR DE 70 PULGADAS | D42: RESOLUCIÓN PANTALLA: 4K-UHD DISEÑO DE LA PANTALLA: PLANO TAMAÑO PANTALLA: 70 PULGADAS TIPO DE PANTALLA: QLED SMART TV, CON ASISTENTE DE VOZ, SISTEMA OPERATIVO: GOOGLE TV, CON SINTONIZADOR DIGITAL DVB-T2, CON OPCIÓN DE COMPARTIR PANTALLA. POTENCIA DE AUDIO: 24 WATTS TASA DE REFRESCO DEL TV: 60HZ COLOR: NEGRO 1 PUERTO HDMI, 2 PUERTOS HDMI 2.1, 2 PUERTOS USB. FUENTE DE ALIMENTACIÓN DE ENERGÍA: ENERGÍA ELÉCTRICA. TIPOS DE PUERTOS DE ENTRADAS Y SALIDAS: CABLE ÓPTICO DIGITAL, PUERTO AUXILIAR DE AUDIO, PUERTO HDMI, PUERTO HDMI 2.1, PUERTO LAN/ETHERNET, PUERTO USB 2.0. OPCIONES DE CONECTIVIDAD: BLUETOOTH, CONEXIÓN CON CABLE, USB, WIFI. CON SALIDA ÓPICA Y ENTRADA COAXIAL. APLICACIONES PREINSTALADAS: SUGERIDAS AMAZON, PRIME VIDEO, GOOGLE PLAY STORE, NETFLIX, YOUTUBE. CON CONTROL REMOTO, CABLE DE ALIMENTACIÓN Y SOPORTE DE MESA. GARANTÍA DE 24 MESES | F42: UNIDAD | G42: 1 | H42: 0.19 | I42: =+TESERACT!H50 -> 5307146.5 | J42: =I42*(1+H42) -> 6315504.3 | K42: =+'FUND JUGANDO EN SERIO'!H50 -> 3800000 | L42: =K42*(1+H42) -> 4522000 | M42: =+'FUNDA SERVI '!H50 -> 4370000 | N42: =M42*(1+H42) -> 5200300 | O42: =ROUND(AVERAGE(I42,K42,M42),0) -> 4492382 | P42: =ROUND(O42*(1+H42),0) -> 5345935 | Q42: =ROUND(GEOMEAN(I42,K42,M42),0) -> 4450157 | R42: =ROUND(Q42*(1+H42),0) -> 5295687
B43: 36 | C43: SOPORTE DE MICRÓFONO TIPO BOOM | D43: • CONSTRUCCIÓN METÁLICA. • UNIÓN TRÍPODE EN PLÁSTICO. • ALTURA MÁXIMA BRAZO EXPANDIBLE 1.90M. • ALTURA MÁXIMA EXTENSOR VERTICAL 1.38M. • INCLUYE DOS ABRAZADERAS • 4 POSICIONES AJUSTABLES. | F43: UNIDAD | G43: 1 | H43: 0.19 | I43: =+TESERACT!H51 -> 244408.06 | J43: =I43*(1+H43) -> 290845.59 | K43: =+'FUND JUGANDO EN SERIO'!H51 -> 175000 | L43: =K43*(1+H43) -> 208250 | M43: =+'FUNDA SERVI '!H51 -> 201250 | N43: =M43*(1+H43) -> 239487.5 | O43: =ROUND(AVERAGE(I43,K43,M43),0) -> 206886 | P43: =ROUND(O43*(1+H43),0) -> 246194 | Q43: =ROUND(GEOMEAN(I43,K43,M43),0) -> 204941 | R43: =ROUND(Q43*(1+H43),0) -> 243880
B44: 37 | C44: LENTES PARA CÁMARA PROFESIONAL | D44: 24–70 MM (VERSÁTIL) | F44: UNIDAD | G44: 1 | H44: 0.19 | I44: =+TESERACT!H53 -> 7625531.5 | J44: =I44*(1+H44) -> 9074382.5 | K44: =+'FUND JUGANDO EN SERIO'!H53 -> 5460000 | L44: =K44*(1+H44) -> 6497400 | M44: =+'FUNDA SERVI '!H53 -> 6279000 | N44: =M44*(1+H44) -> 7472010 | O44: =ROUND(AVERAGE(I44,K44,M44),0) -> 6454844 | P44: =ROUND(O44*(1+H44),0) -> 7681264 | Q44: =ROUND(GEOMEAN(I44,K44,M44),0) -> 6394173 | R44: =ROUND(Q44*(1+H44),0) -> 7609066
B45: 38 | C45: EXTENSIONES ELÉCTRICAS | D45: WATTS: 1651W VOLTIOS: AC 110V-127V MÁXIMO POWER:1651W AMPERAJE:13A MEDIDAS: 10M DE CABLE GRUESO ENCAUCHETADO TIPO INDUSTRIAL | F45: UNIDAD | G45: 1 | H45: 0.19 | I45: =+TESERACT!H54 -> 205302.77 | J45: =I45*(1+H45) -> 244310.3 | K45: =+'FUND JUGANDO EN SERIO'!H54 -> 147000 | L45: =K45*(1+H45) -> 174930 | M45: =+'FUNDA SERVI '!H54 -> 169050 | N45: =M45*(1+H45) -> 201169.5 | O45: =ROUND(AVERAGE(I45,K45,M45),0) -> 173784 | P45: =ROUND(O45*(1+H45),0) -> 206803 | Q45: =ROUND(GEOMEAN(I45,K45,M45),0) -> 172151 | R45: =ROUND(Q45*(1+H45),0) -> 204860
B46: 39 | C46: ARO DE LUZ (RING LIGHT) | D46: DIÁMETRO: 12” – 18” INTENSIDAD REGULABLE TEMPERATURA AJUSTABLE | F46: UNIDAD | G46: 1 | H46: 0.19 | I46: =+TESERACT!H55 -> 371500.26 | J46: =I46*(1+H46) -> 442085.3 | K46: =+'FUND JUGANDO EN SERIO'!H55 -> 266000 | L46: =K46*(1+H46) -> 316540 | M46: =+'FUNDA SERVI '!H55 -> 305900 | N46: =M46*(1+H46) -> 364021 | O46: =ROUND(AVERAGE(I46,K46,M46),0) -> 314467 | P46: =ROUND(O46*(1+H46),0) -> 374216 | Q46: =ROUND(GEOMEAN(I46,K46,M46),0) -> 311511 | R46: =ROUND(Q46*(1+H46),0) -> 370698
B47: 40 | C47: TABLET PROFESIONAL DE MINIMO 9, 7 PULGADAS | D47: TABLET PROFESIONAL DE MINIMO 9.7 PULGADAS, PROCESADOR DE CUATRO NÚCLEOS, TECNOLOGÍA DE 64 BITS Y VELOCIDAD MÍNIMO DE 2.0 GHZ EN CADA UNO DE SUS NUCLEOS, ALMACENAMIENTO INTERNO DIRECTAMENTE DE FABRICA CON DISCO DURO DE 128 GB O SUPERIOR NO SE ACEPTAN MEMORIAS SD Y/O MICRO SD, COMO CUMPLIMIENTO PARA EL ALMACENAMIENTO, MEMORIA RAM DE MÍNIMO 2 GB, SE DEBE ENTREGAR CON UN LAPIZ TACTIL PREFERIBLEMENTE DE LA MISMA MARCA DE LA TABLET Y/O UN LAPIZ QUE SEA COMPATIBLE CON LA TABLET, PANTALLA LCD LED O LCD IPS, CAPACITIVA, MULTITÁCTIL. ROTACIÓN 4 VÍAS DE MINIMO 9.7", CON RESOLUCIÓN 1200 X 1920 PIXELS Ó SUPERIOR, AURICULARES Y CONECTOR DE AURICULARES DE 3.5 MM INDEPENDIENTE O EN COMBO O TIPO C, CÁMARA TRASERA DE MÍNIMO 8.0 MEGAPÍXELES CON AUTOFOCO, CÁMARA DELANTERA DE MÍNIMO 1.2 MEGAPÍXELES, UNIDAD PARLANTE O ALTAVOZ MONO O ESTEREO, BATERÍA INTEGRADA CON AUTONOMÍA DE MÍNIMO 10 HORAS DE NAVEGACIÓN WEB CON CERTIFICACIÓN FCC, UL O CE, ADAPTADOR DE CA ORIGINAL DEL FABRICANTE. QUE SOPORTE RANGOS 100-240 V/50-60 HZ. | F47: UNIDAD | G47: 1 | H47: 0.19 | I47: =+TESERACT!H57 -> 2737370.3 | J47: =I47*(1+H47) -> 3257470.7 | K47: =+'FUND JUGANDO EN SERIO'!H57 -> 1960000 | L47: =K47*(1+H47) -> 2332400 | M47: =+'FUNDA SERVI '!H57 -> 2254000 | N47: =M47*(1+H47) -> 2682260 | O47: =ROUND(AVERAGE(I47,K47,M47),0) -> 2317123 | P47: =ROUND(O47*(1+H47),0) -> 2757376 | Q47: =ROUND(GEOMEAN(I47,K47,M47),0) -> 2295344 | R47: =ROUND(Q47*(1+H47),0) -> 2731459
B48: 41 | C48: CABINAS DE SONIDO PROFESIONAL | D48: MÍNIMO 1000 W, WOOFER 12”, ENTRADA XLR CON SU RESPECTIVO TRÍPODE | F48: UNIDAD | G48: 1 | H48: 0.19 | I48: =+TESERACT!H59 -> 2737370.3 | J48: =I48*(1+H48) -> 3257470.7 | K48: =+'FUND JUGANDO EN SERIO'!H59 -> 1960000 | L48: =K48*(1+H48) -> 2332400 | M48: =+'FUNDA SERVI '!H59 -> 2254000 | N48: =M48*(1+H48) -> 2682260 | O48: =ROUND(AVERAGE(I48,K48,M48),0) -> 2317123 | P48: =ROUND(O48*(1+H48),0) -> 2757376 | Q48: =ROUND(GEOMEAN(I48,K48,M48),0) -> 2295344 | R48: =ROUND(Q48*(1+H48),0) -> 2731459
B49: 42 | C49: KIT DE LUCES LED PARA FOTOGRAFÍA TIPO SOMBRILLA | D49: 3 LUCES LED CONTINUAS 3 SOMBRILLAS DIFUSORAS (BLANCAS TRANSLÚCIDAS O PLATEADAS) 3 TRÍPODES DE ILUMINACIÓN AJUSTABLES 1 SISTEMA DE SOPORTE PORTALÁMPARA 1 BOLSO O ESTUCHE DE TRANSPORTE LUZ CONTINUA LED (NO FLASH) POTENCIA: 45W – 135W POR PUNTO DE LUZ (EQUIVALENTE A 300W – 1000W INCANDESCENTE) TEMPERATURA DE COLOR: 5500K ± 200K (LUZ DÍA) FLUJO LUMINOSO: 4000 – 12000 LÚMENES POR UNIDAD ÍNDICE DE REPRODUCCIÓN CROMÁTICA (CRI): ≥ 80 (RECOMENDADO ≥ 90 PARA PRODUCCIÓN AUDIOVISUAL) CARACTERÍSTICAS DE LAS SOMBRILLAS TIPO: TRANSLÚCIDAS (DIFUSIÓN SUAVE) REFLECTIVAS PLATEADAS O BLANCAS (MAYOR REBOTE DE LUZ) DIÁMETRO: 80 – 110 CM MATERIAL: NYLON O POLIÉSTER DE ALTA RESISTENCIA EFECTO: LUZ SUAVE Y ENVOLVENTE REDUCCIÓN DE SOMBRAS DURAS VOLTAJE: 110V – 240V FRECUENCIA: 50/60 HZ TIPO: CONEXIÓN DIRECTA A RED ELÉCTRICA TRÍPODES: ALTURA AJUSTABLE: 70 CM – 200 CM MATERIAL: ALUMINIO REFORZADO SISTEMA DE BLOQUEO: SEGURO MECÁNICO CAPACIDAD DE CARGA: ≥ 2 KG | F49: UNIDAD | G49: 1 | H49: 0.19 | I49: =+TESERACT!H60 -> 1564211.6 | J49: =I49*(1+H49) -> 1861411.8 | K49: =+'FUND JUGANDO EN SERIO'!H60 -> 1120000 | L49: =K49*(1+H49) -> 1332800 | M49: =+'FUNDA SERVI '!H60 -> 1288000 | N49: =M49*(1+H49) -> 1532720 | O49: =ROUND(AVERAGE(I49,K49,M49),0) -> 1324071 | P49: =ROUND(O49*(1+H49),0) -> 1575644 | Q49: =ROUND(GEOMEAN(I49,K49,M49),0) -> 1311625 | R49: =ROUND(Q49*(1+H49),0) -> 1560834
B50: 43 | C50: JUEGO DE VIDEO JUEGO | D50: JUEGO BOX SERIES FÍSICO CD. MULTIJUGADOR Y ORIGINAL. INCLUYE ESTUCHE DE ALMACENAMIENTO. | F50: UNIDAD | G50: 1 | H50: 0.19 | I50: =+TESERACT!H61 -> 293289.67 | J50: =I50*(1+H50) -> 349014.71 | K50: =+'FUND JUGANDO EN SERIO'!H61 -> 210000 | L50: =K50*(1+H50) -> 249900 | M50: =+'FUNDA SERVI '!H61 -> 241500 | N50: =M50*(1+H50) -> 287385 | O50: =ROUND(AVERAGE(I50,K50,M50),0) -> 248263 | P50: =ROUND(O50*(1+H50),0) -> 295433 | Q50: =ROUND(GEOMEAN(I50,K50,M50),0) -> 245930 | R50: =ROUND(Q50*(1+H50),0) -> 292657
B51: 44 | C51: SOPORTE METÁLICO PARA ILUMINACIÓN | D51: TRÍPODE REFORZADO, ALTURA AJUSTABLE ENTRE 1.5 M Y 5.5 M, SISTEMA DE SEGURO POR PERNOS, BARRA SUPERIOR PARA COLGAR REFLECTORES, CAPACIDAD DE CARGA MÍNIMA 40 KG. | F51: UNIDAD | G51: 1 | H51: 0.19 | I51: =+TESERACT!H62 -> 244408.06 | J51: =I51*(1+H51) -> 290845.59 | K51: =+'FUND JUGANDO EN SERIO'!H62 -> 175000 | L51: =K51*(1+H51) -> 208250 | M51: =+'FUNDA SERVI '!H62 -> 201250 | N51: =M51*(1+H51) -> 239487.5 | O51: =ROUND(AVERAGE(I51,K51,M51),0) -> 206886 | P51: =ROUND(O51*(1+H51),0) -> 246194 | Q51: =ROUND(GEOMEAN(I51,K51,M51),0) -> 204941 | R51: =ROUND(Q51*(1+H51),0) -> 243880
B52: 45 | C52: TRÍPODE PARA CELULAR | D52: SELFIE STICK MS08 DE 62 K&F SOPORTE DE TRES PATAS, NORMALMENTE ARTICULADAS Y PLEGABLES. | F52: UNIDAD | G52: 1 | H52: 0.19 | I52: =+TESERACT!H64 -> 215079.1 | J52: =I52*(1+H52) -> 255944.12 | K52: =+'FUND JUGANDO EN SERIO'!H64 -> 154000 | L52: =K52*(1+H52) -> 183260 | M52: =+'FUNDA SERVI '!H64 -> 177100 | N52: =M52*(1+H52) -> 210749 | O52: =ROUND(AVERAGE(I52,K52,M52),0) -> 182060 | P52: =ROUND(O52*(1+H52),0) -> 216651 | Q52: =ROUND(GEOMEAN(I52,K52,M52),0) -> 180348 | R52: =ROUND(Q52*(1+H52),0) -> 214614
B53: 46 | C53: TRÍPODE CÁMARA FOTOGRÁFICA | D53: TRÍPODE ALUMINIO PROFESIONAL TOMAS CENITALES MONOPIE 2.4M. PARA CÁMARA Y CELULAR. ALTURA MÁXIMA 1,67 M ALTURA MÍNIMA 47,5 CM CABEZA TIPO: CABEZAL DE FLUIDO GIRATORIO DE 360 ° - TIPO DE BLOQUEO DE PIERNA: CERRADURAS DE METAL DE GIRO RÁPIDO AUTOALINEABLE - MATERIAL: ALUMINIO - CARGA MÁXIMA DE TRÍPODE: 5 KG DEBE SER APTO PARA LA CÁMARA A ADQUIRIR; INCLUYE ESTUCHE DE ALMACENAMIENTO EN LONA GRUESA, Y GARANTIA CERTIFICADA. | F53: UNIDAD | G53: 1 | H53: 0.19 | I53: =+TESERACT!H65 -> 312842.32 | J53: =I53*(1+H53) -> 372282.36 | K53: =+'FUND JUGANDO EN SERIO'!H65 -> 224000 | L53: =K53*(1+H53) -> 266560 | M53: =+'FUNDA SERVI '!H65 -> 257600 | N53: =M53*(1+H53) -> 306544 | O53: =ROUND(AVERAGE(I53,K53,M53),0) -> 264814 | P53: =ROUND(O53*(1+H53),0) -> 315129 | Q53: =ROUND(GEOMEAN(I53,K53,M53),0) -> 262325 | R53: =ROUND(Q53*(1+H53),0) -> 312167
B54: 47 | C54: CABLE XLR BALANCEADO | D54: 4/6/8/10/15 M, BLINDAJE PROFESIONAL, CABEZALES MACHO Y HEMBRA. | F54: UNIDAD | G54: 1 | H54: 0.19 | I54: =+TESERACT!H66 -> 117315.87 | J54: =I54*(1+H54) -> 139605.89 | K54: =+'FUND JUGANDO EN SERIO'!H66 -> 84000 | L54: =K54*(1+H54) -> 99960 | M54: =+'FUNDA SERVI '!H66 -> 96600 | N54: =M54*(1+H54) -> 114954 | O54: =ROUND(AVERAGE(I54,K54,M54),0) -> 99305 | P54: =ROUND(O54*(1+H54),0) -> 118173 | Q54: =ROUND(GEOMEAN(I54,K54,M54),0) -> 98372 | R54: =ROUND(Q54*(1+H54),0) -> 117063
B55: 48 | C55: MEGÁFONO | D55: REFERENCIA DEL PRODUCTO EN EL CERTIFICADO/EMPAQUE MG-260, MODELO 2024, ALCANCE DE HASTA 1 KM EN ÁREAS LIBRES, REPRODUCTOR MP3 POR USB/SD, INCORPORA FUNCIÓN DE SIRENA, RACARGABLES | F55: UNIDAD | G55: 1 | H55: 0.19 | I55: =+TESERACT!H67 -> 224855.42 | J55: =I55*(1+H55) -> 267577.95 | K55: =+'FUND JUGANDO EN SERIO'!H67 -> 161000 | L55: =K55*(1+H55) -> 191590 | M55: =+'FUNDA SERVI '!H67 -> 185150 | N55: =M55*(1+H55) -> 220328.5 | O55: =ROUND(AVERAGE(I55,K55,M55),0) -> 190335 | P55: =ROUND(O55*(1+H55),0) -> 226499 | Q55: =ROUND(GEOMEAN(I55,K55,M55),0) -> 188546 | R55: =ROUND(Q55*(1+H55),0) -> 224370
B56: 49 | C56: MICRÓFONO DE SOLAPA | D56: SISTEMA INALÁMBRICO COMPACTO. | F56: UNIDAD | G56: 1 | H56: 0.19 | I56: =+TESERACT!H68 -> 410605.55 | J56: =I56*(1+H56) -> 488620.6 | K56: =+'FUND JUGANDO EN SERIO'!H68 -> 294000 | L56: =K56*(1+H56) -> 349860 | M56: =+'FUNDA SERVI '!H68 -> 338100 | N56: =M56*(1+H56) -> 402339 | O56: =ROUND(AVERAGE(I56,K56,M56),0) -> 347569 | P56: =ROUND(O56*(1+H56),0) -> 413607 | Q56: =ROUND(GEOMEAN(I56,K56,M56),0) -> 344302 | R56: =ROUND(Q56*(1+H56),0) -> 409719
B57: 50 | C57: BAJO PARA EL SONIDO | D57: EB118A • BAJO ACTIVO.• SUBWOOFER 18".• POTENCIA 500W / 1000W PROGRAM.• AMPLIFICADOR CLASE H.• RESPUESTA EN FRECUENCIA: 35HZ-250HZ (-3DB).• SPL 127DB/133DB (PEAK).• ENTRADA XLR.• SALIDA XLR.• CONTROL DE VOLUMEN.• MATERIAL: MADERA ABEDUL 35 MM.• ALIMENTACIÓN: 100 - 240V AC.• DIMENSIONES CAJA: 81 X 70 X 65CM.• PESO CAJA: 53KG. | F57: UNIDAD | G57: 1 | H57: 0.19 | I57: =+TESERACT!H69 -> 3030660 | J57: =I57*(1+H57) -> 3606485.4 | K57: =+'FUND JUGANDO EN SERIO'!H69 -> 2170000 | L57: =K57*(1+H57) -> 2582300 | M57: =+'FUNDA SERVI '!H69 -> 2495500 | N57: =M57*(1+H57) -> 2969645 | O57: =ROUND(AVERAGE(I57,K57,M57),0) -> 2565387 | P57: =ROUND(O57*(1+H57),0) -> 3052811 | Q57: =ROUND(GEOMEAN(I57,K57,M57),0) -> 2541274 | R57: =ROUND(Q57*(1+H57),0) -> 3024116
B58: 51 | C58: EQUIPO DE COMPUTO TIPO PORTATIL | D58: CHASIS: PORTÁTIL CORPORATIVO CON PANTALLA DE 16 PULGADAS. PESO MÁXIMO DE 2,2 KG INCLUYENDO LA BATERÍA. EL EQUIPO DEBE SER ENTREGADO CON SU RESPECTIVO CARGADOR. PROCESADOR (CPU): PROCESADOR DE LÍNEA CORPORATIVA AVANZADA PARA USO PROFESIONAL. FECHA DE LANZAMIENTO NO MAYOR A 18 MESES PREVIOS A LA PRESENTACIÓN DE LA OFERTA. MÍNIMO 8 NÚCLEOS FÍSICOS Y FRECUENCIA BASE MÍNIMA DE 2.0 GHZ. MEMORIA RAM: MÍNIMO 16 GB INSTALADOS DESDE FÁBRICA (EN CONFIGURACIÓN 1X16GB O 2X8GB PARA APROVECHAR DUAL CHANNEL). TECNOLOGÍA DDR5 A MÍNIMO 5600 MHZ. EL EQUIPO DEBE TENER CAPACIDAD DE EXPANSIÓN SOPORTADA POR LA PLACA BASE HASTA MÍNIMO 32 GB. ALMACENAMIENTO: UNIDAD DE ESTADO SÓLIDO (SSD) DE 1 TB PCIE NVME. PANTALLA: PANTALLA DE 16 PULGADAS DE ALTA DEFINICIÓN, ILUMINADA Y ANTIRREFLEJO. RESOLUCIÓN MÍNIMA FULL HD Y TASA DE REFRESCO MÍNIMA DE 60HZ. TECLADO Y DISPOSITIVO APUNTADOR: TECLADO EN ESPAÑOL LATINOAMERICANO CON TECLADO NUMÉRICO INDEPENDIENTE (PAD NUMÉRICO). TOUCHPAD CON FUNCIÓN DE ACTIVACIÓN/DESACTIVACIÓN Y DESPLAZAMIENTO EN DOS DIRECCIONES. CONECTIVIDAD DE RED: TARJETA DE RED INALÁMBRICA WI-FI 6 (802.11AX 2X2) INTEGRADA. BLUETOOTH 5.4 O SUPERIOR. PUERTO ETHERNET (RJ-45) 10/100/1000 INTEGRADO (O MEDIANTE ADAPTADOR ORIGINAL INCLUIDO). PUERTOS: MÍNIMO 2 PUERTOS USB TIPO A, 1 PUERTO USB TIPO C, Y MÍNIMO 1 PUERTO DE VIDEO (HDMI O DISPLAYPORT). MULTIMEDIA: CÁMARA WEB INTEGRADA DE MÍNIMO 720P DE ALTA DEFINICIÓN Y MICRÓFONOS INTEGRADOS. CONECTORES AURICULARES Y MICRÓFONO DE 3,5 MM (INDEPENDIENTE O EN COMBO) Y ALTAVOCES ESTÉREO. BATERÍA Y CARGADOR: AUTONOMÍA MÍNIMA DE 8 HORAS. ADAPTADOR DE CA 100-240 V/50-60 HZ. AMBOS CON CERTIFICACIÓN FCC, CE O UL. SISTEMA OPERATIVO: SISTEMA OPERATIVO WINDOWS 11 PROFESIONAL EN LA ÚLTIMA VERSIÓN DISPONIBLE A LA FECHA DE ADJUDICACIÓN DEL CONTRATO, LICENCIADO Y PREINSTALADO. SOFTWARE DE OFIMÁTICA: LICENCIA TIPO OEM (ORIGINAL EQUIPMENT MANUFACTURER) PREINSTALADA DE FÁBRICA O VINCULADA A LA PLACA BASE DEL EQUIPO, DE MICROSOFT OFFICE LTSC STANDARD 2024 (O LA VERSIÓN PERPETUA MÁS RECIENTE DISPONIBLE A LA FECHA DE ADJUDICACIÓN). LA LICENCIA DEBE SER DE MODALIDAD "SINGLE-SEAT" DE PAGO ÚNICO Y VIGENCIA A PERPETUIDAD; NO SE ACEPTARÁN LICENCIAMIENTOS BASADOS EN LA NUBE NI SUSCRIPCIONES ANUALES (COMO MICROSOFT 365). DEBE INCLUIR LAS VERSIONES DE ESCRITORIO COMPLETAS DE WORD, EXCEL, POWERPOINT Y OUTLOOK. SEGURIDAD: SEGURIDAD CON CHIP TPM (TRUSTED PLATFORM MODULE), VERSIÓN 2.0 O SUPERIOR, DISCRETO O EMBEBIDO. RANURA Y GUAYA DE SEGURIDAD. CERTIFICACIONES DE CALIDAD Y EFICIENCIA: CERTIFICACIÓN EPEAT GOLD. ENERGY STAR 8.X O SUPERIOR. CERTIFICADO EN EL ESTÁNDAR MILITAR MIL-STD 810H (O SUPERIOR). GARANTÍA: TRES (3) AÑOS DE GARANTÍA DIRECTA CON EL FABRICANTE (ON-SITE). | F58: UNIDAD | G58: 1 | H58: 0.19 | I58: =+TESERACT!H70 -> 7332241.9 | J58: =I58*(1+H58) -> 8725367.8 | K58: =+'FUND JUGANDO EN SERIO'!H70 -> 5250000 | L58: =K58*(1+H58) -> 6247500 | M58: =+'FUNDA SERVI '!H70 -> 6037500 | N58: =M58*(1+H58) -> 7184625 | O58: =ROUND(AVERAGE(I58,K58,M58),0) -> 6206581 | P58: =ROUND(O58*(1+H58),0) -> 7385831 | Q58: =ROUND(GEOMEAN(I58,K58,M58),0) -> 6148244 | R58: =ROUND(Q58*(1+H58),0) -> 7316410
B59: 52 | C59: LECTOR DE CODIGO DE BARRAS | D59: LECTOR DE CODIGO DE BARRAS DEBE INCLUIR FUENTE DE ALIMENTACIÓN: ALIMENTACIÓN A TRAVÉS DE CONEXIÓN USB Y/O INALAMBRICO A UN PC, VELOCIDAD DE LECTURA: MÍNIMO 100 LECTURAS/ SEGUNDO, DISTANCIA DE LECTURA: DE POR LO MENOS UN RANGO DE ENTRE 3 CM HASTA 20 CM EN SÍMBOLOS 100% UPC/EAN. SIMBOLOGÍAS (CAPACIDAD DE DECODIFICACIÓN): EL LECTOR DEBE TENER CAPACIDAD PARA DECODIFICAR MÍNIMO LAS SIGUIENTES SIMBOLOGÍAS: UPC/EAN CON SUPLEMENTOS, UCC/EAN 128, CÓDIGO 39 ASCII COMPLETO, CODIGO 39 TRIOPTIC, CODIGO 128, CÓDIGO 128 ASCII COMPLETO, CODABAR ENTRE LAZADO 2 DE 5, MSI CODIGO 11 VARIANTES IATA RSS, CODIGO DE BARRAS 2D, CODIGO DE BARRAS DE LA NUEVAS CEDULAS DE CIUDADANIA , CÓDIGO DE BARRAS DENOMINADA PDF 417, TIPO DE CONEXIÓN A PC: USB Y/O INALAMBRICO, ADITAMENTOS: SOPORTE MANOS LIBRES. GARANTÍA: MÍNIMO DE 3 AÑOS SOBRE CADA UNO DE LOS ELEMENTOS QUE COMPONEN EL LECTOR DE CODIGO DE BARRAS DEBE ENTREGAR CON SUS RESPETIVOS ACCESORIOS. | F59: UNIDAD | G59: 1 | H59: 0.19 | I59: =+TESERACT!H71 -> 283513.35 | J59: =I59*(1+H59) -> 337380.89 | K59: =+'FUND JUGANDO EN SERIO'!H71 -> 203000 | L59: =K59*(1+H59) -> 241570 | M59: =+'FUNDA SERVI '!H71 -> 233450 | N59: =M59*(1+H59) -> 277805.5 | O59: =ROUND(AVERAGE(I59,K59,M59),0) -> 239988 | P59: =ROUND(O59*(1+H59),0) -> 285586 | Q59: =ROUND(GEOMEAN(I59,K59,M59),0) -> 237732 | R59: =ROUND(Q59*(1+H59),0) -> 282901
B60: 53 | C60: VIDEO BEAM TIPO LED Y/O LÁSER | D60: VIDEO BEAM TIPO LED Y/O LASER. RESOLUCIÓN SOPORTADA UXGA (1600X1200) Y/O WUXGA (1920 X 1200) O SUPERIOR, RESOLUCIÓN NATIVA XGA (1024X768) O SUPERIOR, BRILLO 4000 LÚMENES ANSI O SUPERIOR, DURACIÓN DE MÍNIMO 20.000 HORAS. (MODO NORMAL), RESOLUCIÓN 1.024 X 768 (XGA), ZOOM MANUAL/ESTÁNDAR Y/O DIGITAL CONTROL REMOTO CONTRASTE: 10.000:1 PROYECCIÓN. FRENTE, ATRÁS, CONECTIVIDAD: PUERTOS HDMI X 1, PUERTO VGA X 1, PUERTO MINI USB Y/O MICRO USB O SU RESPECTIVO ADAPTADOR QUE GARANTICE FUNCIONALIDAD. GARANTÍA DE 2 AÑOS SOBRE TODO EL EQUIPO INCLUIDO EL LED, INCLUYE PARTES Y MANO DE OBRA. LA INSTALACIÓN DEBERÁ SER RESPONSABILIDAD DEL CONTRATISTA, EL PROCESO DE INSTALACIÓN ES EL SIGUIENTE: SE DEBE ENTREGAR Y PROBAR QUE FUNCIONA DEL VIDEO BEAM TIPO LED Y/O LASER CON EL PROCEDIMIENTO BÁSICO DE ENCENDIDO, CONEXIÓN DEL CABLE DE PODER A UNA TOMA DE CORRIENTE REGULADA, SE DEBE VERIFICAR EL FUNCIONAMIENTO DE LOS ACCESORIOS QUE SE ENTREGUEN CON EL VIDEO BEAM TIPO LED Y/O LASER. EL CONTRATISTA EL DÍA DE LA PRESENTACIÓN DE LAS MUESTRAS DEBERÁ SUMINISTRAR A LA SECRETARIA DE EDUCACIÓN DEL DISTRITO EL MANUAL IMPRESO DEL PRODUCTO EN ESPAÑOL Y EL LINK DEL CATÁLOGO DEL PRODUCTO PUBLICADO EN LAS PÁGINAS OFICIALES DEL FABRICANTE POR INTERNET, LA CERTIFICACIÓN EXPEDIDA POR EL FABRICANTE DEL VIDEO BEAM, QUE GARANTICE EL SUMINISTRO DE REPUESTOS ORIGINALES, DURANTE MÍNIMO TRES AÑOS. EL FABRICANTE DEL VIDEO BEAM DEBE TENER PRESENCIA DIRECTA EN EL PAÍS A TRAVÉS DE SUCURSAL O SUBSIDIARIA. (ADJUNTAR CERTIFICADO DE CÁMARA DE COMERCIO). LA MARCACIÓN DEL VIDEO BEAM DEBE SER ORIGINAL DE FABRICA, NO SE ACEPTARÁ MARQUILLAS SUPERPUESTAS, NI IMPRESIONES QUE NO SEAN LAS ORIGINALES DE LA MARCA, EL SERIAL Y MODELO DEL EQUIPO PRESENTADO DEBE SER EL ORIGINAL DE FABRICA. | F60: UNIDAD | G60: 1 | H60: 0.19 | I60: =+TESERACT!H72 -> 5307146.5 | J60: =I60*(1+H60) -> 6315504.3 | K60: =+'FUND JUGANDO EN SERIO'!H72 -> 3800000 | L60: =K60*(1+H60) -> 4522000 | M60: =+'FUNDA SERVI '!H72 -> 4370000 | N60: =M60*(1+H60) -> 5200300 | O60: =ROUND(AVERAGE(I60,K60,M60),0) -> 4492382 | P60: =ROUND(O60*(1+H60),0) -> 5345935 | Q60: =ROUND(GEOMEAN(I60,K60,M60),0) -> 4450157 | R60: =ROUND(Q60*(1+H60),0) -> 5295687
B61: 54 | C61: MICRÓFONOS INALÁMBRICOS | D61: 1 RECEPTOR SR470 1 TRANSMISOR DE MANO HT470 CON CÁPSULA D5 1 ADAPTADOR DE PIE (SOPORTE MICRÓFONO) 1 KIT DE MONTAJE EN RACK RMU4000 1 FUENTE DE ALIMENTACIÓN UNIVERSAL (ADAPTADORES US / UK / EU) 2 ANTENAS BNC UHF BANDA: UHF (ULTRA HIGH FREQUENCY) RANGO DE FRECUENCIA: 470 – 865 MHZ TIPO DE MODULACIÓN: FM O DIGITAL HÍBRIDO CANALES SELECCIONABLES: MÍNIMO 16 – 48 CANALES PROGRAMABLES ANCHO DE BANDA: HASTA 30 MHZ HASTA 50 – 100 METROS EN LÍNEA DE VISTA TIPO: RECEPTOR DIVERSITY (DOBLE ANTENA) PARA MAYOR ESTABILIDAD SALIDAS: XLR BALANCEADA JACK 1/4” NO BALANCEADO PANTALLA: LCD CON MONITOREO DE FRECUENCIA, NIVEL RF Y AF SINCRONIZACIÓN: IR AUTOMÁTICA CON TRANSMISOR CONTROL DE GANANCIA AJUSTABLE MONTAJE: COMPATIBLE CON RACK ESTÁNDAR 19” (INCLUYE KIT RMU4000) | F61: UNIDAD | G61: 1 | H61: 0.19 | I61: =+TESERACT!H73 -> 2346317.4 | J61: =I61*(1+H61) -> 2792117.7 | K61: =+'FUND JUGANDO EN SERIO'!H73 -> 1680000 | L61: =K61*(1+H61) -> 1999200 | M61: =+'FUNDA SERVI '!H73 -> 1932000 | N61: =M61*(1+H61) -> 2299080 | O61: =ROUND(AVERAGE(I61,K61,M61),0) -> 1986106 | P61: =ROUND(O61*(1+H61),0) -> 2363466 | Q61: =ROUND(GEOMEAN(I61,K61,M61),0) -> 1967438 | R61: =ROUND(Q61*(1+H61),0) -> 2341251
B62: 55 | C62: PARLANTE BLUETOOTH PORTÁTIL | D62: MÁXIMO 25 CM, MÍNIMO 30 W, BATERÍA RECARGABLE, SONIDO SOUNDROUND | F62: UNIDAD | G62: 1 | H62: 0.19 | I62: =+TESERACT!H74 -> 684342.58 | J62: =I62*(1+H62) -> 814367.66 | K62: =+'FUND JUGANDO EN SERIO'!H74 -> 490000 | L62: =K62*(1+H62) -> 583100 | M62: =+'FUNDA SERVI '!H74 -> 563500 | N62: =M62*(1+H62) -> 670565 | O62: =ROUND(AVERAGE(I62,K62,M62),0) -> 579281 | P62: =ROUND(O62*(1+H62),0) -> 689344 | Q62: =ROUND(GEOMEAN(I62,K62,M62),0) -> 573836 | R62: =ROUND(Q62*(1+H62),0) -> 682865
B63: 56 | C63: TELÓN ELECTRICO DE PROYECCION PARA UDITORIO | D63: TELON DE PROYECCION PARA AUDITORIO AUTOMATICO, SE DEBE ENTREGAR CON CONTROL REMOTO PARA EL MANEJO, DIMENSIÓN MINIMO DE 5,50 METROS DE ANCHO X MINIMO 5 METROS DE ALTO, EN MATERIAL DE ALTA CALIDAD, TIPO DE TELA BLANCA FLASH MATE, TIPO DE PROYECCIÓN FRONTAL, DEBE INCLUIR CABLE DE ENCHUFE A LA CORRIENTE DE APROXIMADAMENT 20 METROS, SE DEBE ENTREGAR INSTALADO Y FUNCIONANDO. DEBE SER ADAPTABLE PARA SU INSTALACIÓN A TECHO Y/O PARED. GARANTÍA DE 1 AÑO | F63: UNIDAD | G63: 1 | H63: 0.19 | I63: =+TESERACT!H75 -> 7332241.9 | J63: =I63*(1+H63) -> 8725367.8 | K63: =+'FUND JUGANDO EN SERIO'!H75 -> 5250000 | L63: =K63*(1+H63) -> 6247500 | M63: =+'FUNDA SERVI '!H75 -> 6037500 | N63: =M63*(1+H63) -> 7184625 | O63: =ROUND(AVERAGE(I63,K63,M63),0) -> 6206581 | P63: =ROUND(O63*(1+H63),0) -> 7385831 | Q63: =ROUND(GEOMEAN(I63,K63,M63),0) -> 6148244 | R63: =ROUND(Q63*(1+H63),0) -> 7316410
... B68: 61 | C68: IMPRESORA MULTIFUNCION | D68: IMPRESORA MULTIFUNCIONAL LÁSER MONOCROMÁTICA, VELOCIDAD: MÍNIMO 50 PPM CARTA O SUPERIOR, TIEMPO DE IMPRESIÓN DE PRIMERA PÁGINA: MENOR O IGUAL A 10 SG, PROCESADOR: MÍNIMO 533 MHZ, CICLO ÚTIL: 20.000 PGS. MENSUALES MÍNIMOS, MEMORIA: MÍNIMO DE 2 GB O SUPERIOR Y DD MÍNIMO 320 GB, RESOLUCIÓN: 1200 X 600 DPI, BANDEJA DE PAPEL: DOS, MANEJO DE PAPEL: DOS BANDEJAS, UNA MANUAL DE 100 HOJAS Y OTRA DE 500 HOJAS PARA PAPEL CARTA Y OFICIO, AJUSTABLE. CONECTIVIDAD: USB 2.0 HI-SPEED, RED ETHERNET 10/100/1000 BASE-TX CONECTOR RJ-45, TAMAÑO DE IMPRESIÓN HASTA PAPEL OFICIO, COPIADO VELOCIDAD DE COPIADO: 50 CPM CARTA O SUPERIOR, RESOLUCIÓN DE COPIADO: 600 X 600 DPI, RANGO DE AMPLIACIÓN-REDUCCIÓN: 25% - 400%. ESCANEADA CAPACIDAD DE ADF DE 50 HOJAS MÍNIMO, VELOCIDAD DE ESCANEO MÍNIMO 50 PPM O SUPERIOR, TAMAÑOS SOPORTADOS CARTA, OFICIO EN ADF, RESOLUCIÓN ÓPTICA DE:600 X 600 DPI, CAPACIDAD DE ESCANEO MÍNIMA EN ADF Y EN CAMA PLANA TAMAÑO OFICIO, ESCANEO Y COPIA A DOBLE CARA ADF EN UNA SOLA PASADA DIGITALIZACIÓN A PC POR CONEXIÓN USB, CARPETA DE RED Y USB MEMORY, DIGITALIZACIÓN A EMAIL, INCLUIR SOFTWARE DE CONTROL DE ESCANEO DURANTE TODO PERIODO DE GARANTÍA DE LA IMPRESORA. CONECTIVIDAD ESTÁNDAR 1 DISPOSITIVO USB 2.0 DE ALTA VELOCIDAD PUERTO DE RED ETHERNET 10/100/1000 BASE-TX, SISTEMAS OPERATIVOS COMPATIBLES MICROSOFT® WINDOWS® 7 (32 BIT, 64 BIT), WINDOWS® 10 (32 BIT, 64 BIT), WINDOWS® 11 (32 BIT, 64 BIT). SE DEBEN ENTREGAR LOS DRIVERS Y PROGRAMAS NECESARIOS PARA SU INSTALACIÓN CONSUMIBLES INCLUIR TONERS ORIGINALES NECESARIOS PARA IMPRIMIR 100.000 PÁGINAS INCLUIDO EL TÓNER INICIAL, POR CADA MÁQUINA SUMINISTRADA. GARANTÍA: SE SOLICITA UNA GARANTÍA DE 3 AÑOS EN SITIO CERTIFICADA POR EL FABRICANTE, EL CONTRATISTA DEBE SUMINISTRAR EL SOFTWARE NECESARIO PARA LA ADMINISTRACIÓN DE LAS IMPRESORAS EN RED Y EL CONTROL DE LA OPERACIÓN DE ESTAS DURANTE EL TIEMPO DE LA GARANTÍA. LAS IMPRESORAS OFRECIDAS DEBEN SER ADMINISTRADAS POR SOFTWARE, DONDE LOS ADMINISTRADORES PUEDEN OTORGAR ACCESO SEGÚN LAS RESPONSABILIDADES DEL USUARIO, Y LOS USUARIOS SÓLO VEAN LAS FUNCIONES Y CARACTERÍSTICAS QUE NECESITAN PARA REALIZAR SU TRABAJO. CERTIFICADOS: CERTIFICADO DE DISTRIBUCIÓN DIRECTA DEL FABRICANTE DE LOS EQUIPOS OFRECIDOS: EL CONTRATISTA DENTRO DEL TIEMPO DE LA EJECUCIÓN DEL CONTRATO, DEBERÁ PRESENTAR EL CERTIFICADO EMITIDO POR EL FABRICANTE SUCURSAL COLOMBIA, DE LA IMPRESORA MULTIFUNCIONAL ”OFRECIDOS EN EL CUAL SE INDIQUE QUE EL CANAL ESTÁ EN CAPACIDAD DE COMERCIALIZAR LOS PRODUCTOS EN EL PAÍS Y ADEMÁS QUE ESTÁ EN CAPACIDAD DE OFRECER LOS SERVICIOS DE INSTALACIÓN, CAPACITACIÓN OP, MANTENIMIENTO Y SOPORTE DE LOS MISMOS, DURANTE LA VIGENCIA DEL CONTRATO. CERTIFICADO DE SUMINISTRO DE REPUESTOS: EL CONTRATISTA DENTRO DEL TIEMPO DE LA EJECUCIÓN DEL CONTRATO, DEBERÁ PRESENTAR CERTIFICACIÓN EXPEDIDA POR EL FABRICANTE DE LAS IMPRESORAS MULTIFUNCIONALES, QUE GARANTICE EL SUMINISTRO DE REPUESTOS ORIGINALES PARA LAS IMPRESORAS MULTIFUNCIONALES, DURANTE MÍNIMO CINCO AÑOS. EL FABRICANTE DE LAS IMPRESORAS DEBE TENER PRESENCIA DIRECTA EN EL PAÍS A TRAVÉS DE SUCURSAL O SUBSIDIARIA. (ADJUNTAR CERTIFICADO DE CÁMARA DE COMERCIO), EL PROCESO DE INSTALACIÓN ES EL SIGUIENTE: SE DEBE ENTREGAR Y PROBAR QUE FUNCIONA LA IMPRESORA MULTIFUNCIONAL CON EL PROCEDIMIENTO BÁSICO DE ENCENDIDO, CONEXIÓN DEL CABLE DE PODER A UNA TOMA DE CORRIENTE, SE DEBE VERIFICAR EL FUNCIONAMIENTO DE LOS ACCESORIOS QUE SE ENTREGUEN CON LA IMPRESORA MULTIFUNCIONAL CABLE DE RED USB, PATCH CORD PARA RED LAN, Y DEMÁS NECESARIOS PARA LA FUNCIONALIDAD DE LA IMPRESORA. UNA VEZ VERIFICADO QUE FUNCIONA, LA CONFIGURACIÓN PASARA A SER PARTE DE LOS DISPOSITIVOS PARA ATENCIÓN O SOPORTE TÉCNICO DE LA MESA DE SOLUCIONES TIC DE LA PREVIA CAPACITACIÓN DE FUNCIONALIDAD Y MANEJO. 1 UND | F68: UNIDAD | G68: 1 | H68: 0.19 | I68: =+TESERACT!H80 -> 7332241.9 | J68: =I68*(1+H68) -> 8725367.8 | K68: =+'FUND JUGANDO EN SERIO'!H80 -> 5250000 | L68: =K68*(1+H68) -> 6247500 | M68: =+'FUNDA SERVI '!H80 -> 6037500 | N68: =M68*(1+H68) -> 7184625 | O68: =ROUND(AVERAGE(I68,K68,M68),0) -> 6206581 | P68: =ROUND(O68*(1+H68),0) -> 7385831 | Q68: =ROUND(GEOMEAN(I68,K68,M68),0) -> 6148244 | R68: =ROUND(Q68*(1+H68),0) -> 7316410
B69: 62 | C69: EQUIPO DE COMPUTO DE ESCRITORIO | D69: PROCESADOR MÍNIMO 8 NÚCLEOS, NUMERO DE SUBPROCESOS 16, CON FRECUENCIA BASE DE MÍNIMO 2.9 GHZ Y CUYO LANZAMIENTO EN EL MERCADO NO PUEDE SER SUPERIOR A 18 MESES, CON GRÁFICOS INTEGRADOS INTEL UHD Y/O AMD RADEON O SUPERIOR, DISCO DURO SDD MÍNIMO 1 TB PCIE NVME, CHIPSET INTEL Q470 O AMD 565, SE DEBE ENTREGAR CON UNA MEMORIA RAM DDR4 A 2999 MHZ DE MÍNIMO 16 GB, EL EQUIPO DEBE SOPORTAR LA EXPANSIÓN A 128GB EN LAS 3 RANURAS LIBRES ADICIONALES, EL EQUIPO DEBE CUMPLIR CON LAS NORMAS ENERGY STAR MÍNIMO 7.0 Y NORMA AMBIENTAL EPEAT BRONZE, Y/O SILVER, Y/O GOLD, LA REFERENCIA DEL EQUIPO DEBE ESTAR REGISTRADO JUNTO CON SU CERTIFICADO, EL CUAL DEBE ESTAR ACTIVO SEGÚN LA REFERENCIA Y/O LÍNEA DEL EQUIPO OFRECIDO EN LA PROPUESTA EN LA PAGINAS OFICIALES DE LA EPEAT - HTTPS://WWW.EPEAT.NET/, Y ENERGY STAR - HTTPS://WWW.ENERGYSTAR.GOV/, DEBE CONTAR CON LA CERTIFICACIÓN DE DURABILIDAD MIL-STD-810G Y/O 810H, FUENTE DE ALIMENTACIÓN DE 180W EN ADELANTE, CUMPLIENDO CON LA (CERTIFICACION 80 PLUS BRONZE Y/O GOLD, Y/O TITANIUM Y/O PLATINUM), PUERTOS EN LA CPU SIN IMPORTAR SU DISTRIBUCIÓN DE LA SIGUIENTE MANERA: PUERTOS USB 3.2 DE 1RA GENERACIÓN TIPO “A” MÍNIMO (4) EN LA CPU; PUERTO USB 3.2 DE 2DA GENERACIÓN TIPO “C” MÍNIMO (1) EN LA CPU; PUERTOS USB 2.0 TIPO ‘A’ MÍNIMO (3) EN LA CPU; (1) PUERTO AUDIO JACK, (1) PUERTO HDMI 2.0A, INTEGRADO EN EL CHASIS DE LA CPU DISPONIBLE PARA CONEXIÓN DEL MONITOR, (1), RANURA PCIE X16 3 GEN DE ALTURA MEDIA, (1) RANURA PCIE X4 3 GEN DE ALTURA MEDIA, MONITOR LCD O LED DE MÍNIMO 21.5" DE LA MISMA MARCA DE LA CPU; CON SPEAKER INTERNO EN CPU Y/O MONITOR QUE ESTE CERTIFICADO CON EL EQUIPO DE FÁBRICA, TARJETA DE RED 10/100/1000 O SUPERIOR, CON TARJETA INALÁMBRICA QUE SOPORTE NORMATIVIDAD WIFI 6, 802,11 AX, TECLADO EN ESPAÑOL DE LA MISMA MARCA DE LA CPU CONEXIÓN USB, MOUSE ÓPTICO CON SCROLL DE LA MISMA MARCA DE LA CPU, CHASIS SMALL FORM FACTOR (SFF) DE DOBLE ORIENTACIÓN (VERTICAL U HORIZONTAL), PERSONALIZACIÓN MARCADO EXTERIOR DE CPU Y MONITOR CON EL LOGO DE LA . SEGURIDAD FÍSICA (GUAYA) O ELECTRÓNICA PARA PREVENCIÓN ANTI-ROBO. GARANTÍA 3 AÑOS EN SITIO POR PARTE DEL FABRICANTE, INCLUYE PARTES Y MANO DE OBRA. A PARTIR DEL RECIBO A SATISFACCIÓN POR PARTE DE LA . SE DEBE ADQUIRIR E INSTALAR CON LA ÚLTIMA EDICIÓN DEL SISTEMA OPERATIVO WINDOWS EN SU VERSIÓN PRO DE 64 BITS, POSTERIORMENTE EL PROPONENTE DEBERÁ REALIZAR LA ENTREGA A LA DE LAS LICENCIAS ADQUIRIDAS DEL SISTEMA OPERATIVO, EL PROPONENTE DEBE ENTREGAR EN SU PROPUESTA LA CERTIFICACIÓN EXPEDIDA POR EL FABRICANTE (CASA MATRIZ), MEDIANTE LA CUAL ACREDITE QUE ES DISTRIBUIDOR Y/O COMERCIALIZADOR AUTORIZADO DE LA MARCA DEL EQUIPO OFERTADO PARA ESTE PROCESO. DICHA CERTIFICACIÓN DEBERÁ SER EMITIDA DIRECTAMENTE POR EL FABRICANTE DE LOS EQUIPOS, LA CERTIFICACIÓN DEBE TENER FECHA DE EXPEDICIÓN NO SUPERIOR A UN (1) AÑO ANTERIOR A LA ESTIPULADA COMO LÍMITE PARA PRESENTAR PROPUESTA. EN CASO DE PRÓRROGA DEL CIERRE DEL PRESENTE PROCESO, LA CERTIFICACIÓN TENDRÁ VALIDEZ CON RESPECTO A LA PRIMERA FECHA DE CIERRE. | F69: UNIDAD | G69: 1 | H69: 0.19 | I69: =+TESERACT!H83 -> 4399345.1 | J69: =I69*(1+H69) -> 5235220.7 | K69: =+'FUND JUGANDO EN SERIO'!H83 -> 3150000 | L69: =K69*(1+H69) -> 3748500 | M69: =+'FUNDA SERVI '!H83 -> 3622500 | N69: =M69*(1+H69) -> 4310775 | O69: =ROUND(AVERAGE(I69,K69,M69),0) -> 3723948 | P69: =ROUND(O69*(1+H69),0) -> 4431498 | Q69: =ROUND(GEOMEAN(I69,K69,M69),0) -> 3688946 | R69: =ROUND(Q69*(1+H69),0) -> 4389846
B70: 63 | C70: REFLECTOR TIPO FRESNEL LED | D70: POTENCIA MÍNIMA 200W, LENTE FRESNEL CON HAZ REGULABLE (SPOT/FLOOD), INCLUYE SISTEMA DE 4 ALETAS METÁLICAS AJUSTABLES (BARN DOORS) PARA CONTROL DE LUZ, COMPATIBLE CON DMX512. | F70: UNIDAD | G70: 1 | H70: 0.19 | I70: =+TESERACT!H84 -> 1319803.5 | J70: =I70*(1+H70) -> 1570566.2 | K70: =+'FUND JUGANDO EN SERIO'!H84 -> 945000 | L70: =K70*(1+H70) -> 1124550 | M70: =+'FUNDA SERVI '!H84 -> 1086750 | N70: =M70*(1+H70) -> 1293232.5 | O70: =ROUND(AVERAGE(I70,K70,M70),0) -> 1117185 | P70: =ROUND(O70*(1+H70),0) -> 1329450 | Q70: =ROUND(GEOMEAN(I70,K70,M70),0) -> 1106684 | R70: =ROUND(Q70*(1+H70),0) -> 1316954
B71: 64 | C71: LUCES LED | D71: LUCES DE VIDEO RGB, LUZ DE CÁMARA LED 360° ILUMINACIÓN DE FOTOGRAFÍA PORTÁTIL A TODO COLOR CON 3 ZAPATAS FRÍAS, 2000MAH CRI RECARGABLE 95+ 2500-9000K LÁMPARA DE PANEL REGULABLE CON SOPORTE Y CABLEADO, INCLUYE ESTUCHE DE ALMACENAMIENTO EN LONA GRUESA Y GARANTIA. | F71: UNIDAD | G71: 1 | H71: 0.19 | I71: =+TESERACT!H85 -> 224855.42 | J71: =I71*(1+H71) -> 267577.95 | K71: =+'FUND JUGANDO EN SERIO'!H85 -> 161000 | L71: =K71*(1+H71) -> 191590 | M71: =+'FUNDA SERVI '!H85 -> 185150 | N71: =M71*(1+H71) -> 220328.5 | O71: =ROUND(AVERAGE(I71,K71,M71),0) -> 190335 | P71: =ROUND(O71*(1+H71),0) -> 226499 | Q71: =ROUND(GEOMEAN(I71,K71,M71),0) -> 188546 | R71: =ROUND(Q71*(1+H71),0) -> 224370
B72: 65 | C72: ESCANER TRABAJO PESADO | D72: TIPO DE ESCÁNER INTEGRADO COMPLETO, CAMA PLANA SOPORTA TAMAÑO OFICIO Y CARTA, ALIMENTADOR AUTOMÁTICO DE DOCUMENTOS (ADF), RESOLUCIÓN DE ESCANEO, ÓPTICO MÍNIMO 600 PPP Y/O 600 DPI CICLO DE TRABAJO (DIARIO) MÍNIMO: 8000 PÁGINAS, ALIMENTADOR AUTOMÁTICO DE DOCUMENTOS (ADF); ESCANEADO EN COLOR: SI, ESCANEO A DOBLE CARA ADF SÍ, TAMAÑO DEL DOCUMENTO A4, CARTA, LEGAL, B5, A5 CAPACIDAD DE PAPEL MÍNIMO 100 HOJAS (80 G/M2), VELOCIDADES DE ESCANEO MÍNIMO 40 PPM/ 80 IPM Y/O HASTA 50 PPM/100 IPM (BLANCO Y NEGRO, COLOR, ESCALA DE GRISES), FUENTE DE LUZ (LED), PROFUNDIDAD DE PIXEL ENTRADA: MÍNIMO 16 BITS, FORMATO DEL ARCHIVO DE DIGITALIZACIÓN PDF (SOLO IMÁGENES, CON BÚSQUEDA, MRC, PDF/A, CIFRADO), TIFF (UNA PÁGINA, VARIAS PÁGINAS, COMPRIMIDO: G3, G4, LZW, JPEG), DOC, RTF, WPD, XLS, TXT, XML, XPS, HTML, OPF, JPG, BMP, PNG, SOFTWARE DEL ESCÁNER MEJORAS EN LAS IMÁGENES, COMO ELIMINACIÓN DE PÁGINAS EN BLANCO, RECORTE, ALINEACIÓN, ORIENTACIÓN. MEMORIA MINIMO DE 512 MB Y/O SUPERIOR, CONECTIVIDAD, ESTÁNDAR: USB 2.0 DE ALTA VELOCIDAD, SE DEBE INCLUIR, 1 CABLE USB COMPATIBLE CON EL ESCÁNER PARA SU CONEXIÓN A PC DE MÍNIMO DE 3 METROS. SISTEMAS OPERATIVOS COMPATIBLES MICROSOFT® WINDOWS® 7 (32 BIT, 64 BIT), WINDOWS® 10 (32 BIT, 64 BIT), WINDOWS® 11 (32 BIT, 64 BIT). ESCÁNER DE TRABAJO PESADO DEBE PERMITIR LA DIGITALIZACION AL 100% DE LOS DOCUMENTACION. | F72: UNIDAD | G72: 1 | H72: 0.19 | I72: =+TESERACT!H86 -> 4888161.2 | J72: =I72*(1+H72) -> 5816911.9 | K72: =+'FUND JUGANDO EN SERIO'!H86 -> 3500000 | L72: =K72*(1+H72) -> 4165000 | M72: =+'FUNDA SERVI '!H86 -> 4025000 | N72: =M72*(1+H72) -> 4789750 | O72: =ROUND(AVERAGE(I72,K72,M72),0) -> 4137720 | P72: =ROUND(O72*(1+H72),0) -> 4923887 | Q72: =ROUND(GEOMEAN(I72,K72,M72),0) -> 4098829 | R72: =ROUND(Q72*(1+H72),0) -> 4877607
B73: 66 | C73: CÁMARA | D73: 4K MIRRORLESS CON LENTE 28-70MM F/3.5-5.6 + . | F73: UNIDAD | G73: 1 | H73: 0.19 | I73: =+TESERACT!H87 -> 7038952.2 | J73: =I73*(1+H73) -> 8376353.1 | K73: =+'FUND JUGANDO EN SERIO'!H87 -> 5040000 | L73: =K73*(1+H73) -> 5997600 | M73: =+'FUNDA SERVI '!H87 -> 5796000 | N73: =M73*(1+H73) -> 6897240 | O73: =ROUND(AVERAGE(I73,K73,M73),0) -> 5958317 | P73: =ROUND(O73*(1+H73),0) -> 7090397 | Q73: =ROUND(GEOMEAN(I73,K73,M73),0) -> 5902314 | R73: =ROUND(Q73*(1+H73),0) -> 7023754
B74: 67 | C74: SET DE DIFUSORES DE LUZ | D74: FLEX REDONDO DE 43 PULGADAS PLEGABLE. | F74: UNIDAD | G74: 1 | H74: 0.19 | I74: =+TESERACT!H91 -> 117315.87 | J74: =I74*(1+H74) -> 139605.89 | K74: =+'FUND JUGANDO EN SERIO'!H91 -> 84000 | L74: =K74*(1+H74) -> 99960 | M74: =+'FUNDA SERVI '!H91 -> 96600 | N74: =M74*(1+H74) -> 114954 | O74: =ROUND(AVERAGE(I74,K74,M74),0) -> 99305 | P74: =ROUND(O74*(1+H74),0) -> 118173 | Q74: =ROUND(GEOMEAN(I74,K74,M74),0) -> 98372 | R74: =ROUND(Q74*(1+H74),0) -> 117063
B75: 68 | C75: SOFTWARE SUITE ADOBE | D75: LICENCIA DE ADOBE CREATIVE CLOUD PRO. LICENCIA TIPO GOBIERNO, ANUAL Y DE SUSCRIPCIÓN. CON SUSCRIPCIÓN CADA UNA DE 6 PERSONAS DE MANERA SIMULTANEA, CON GARANTIA. INCLUYE: PHOTOSHOP, ILLUSTRATOR, PREMIERE, ACROBAT PRO, ADOBE EXPRESS, ADOBE FIREFLY, AFTER EFFECTS, INDESIGN, LIGHTROOM, ADOBE XD, AUDITION, ANIMATE, DREAMWEAVER, INCOPY, LIGHTROOM CLASSIC, CHARACTER ANIMATOR, CAPTURE, ADOBE FRESCO, BRIDGE, PHOTOSHOP EXPRESS, MEDIA ENCODER, LIGHTROOM WEB, ACROBAT READER, ADOBE SCAN Y FILL & SIGN. (SE SOLICITA QUE LAS LICENCIAS ESTÉN INSTALADAS EN LOS COMPUTADORES QUE VAN DENTRO DE ESTA CATEGORIA) | F75: UNIDAD | G75: 1 | H75: 0.19 | I75: =+TESERACT!H92 -> 2541843.8 | J75: =I75*(1+H75) -> 3024794.2 | K75: =+'FUND JUGANDO EN SERIO'!H92 -> 1820000 | L75: =K75*(1+H75) -> 2165800 | M75: =+'FUNDA SERVI '!H92 -> 2093000 | N75: =M75*(1+H75) -> 2490670 | O75: =ROUND(AVERAGE(I75,K75,M75),0) -> 2151615 | P75: =ROUND(O75*(1+H75),0) -> 2560422 | Q75: =ROUND(GEOMEAN(I75,K75,M75),0) -> 2131391 | R75: =ROUND(Q75*(1+H75),0) -> 2536355
B76: 69 | C76: IMPRESORA LASER | D76: IMPRESORA LÁSER MONOCROMÁTICA, VELOCIDAD DE IMPRESIÓN NEGRO DE MÍNIMO 40 PPM, RESOLUCIÓN 1200 DPI, EMULACIÓN PCL 6, PCL 5E Y POSTSCRIPT 3, TIEMPO SALIDA PRIMERA PÁGINA 9 SEGUNDOS, CAPACIDAD MÍNIMA 50 HOJAS, MEMORIA 512 MB O SUPERIOR, PROCESADOR 500 MHZ O SUPERIOR, PUERTOS USB 2.0, PUERTO DE RED 10/100/1000 BASE-TX, TAMAÑO Y TIPO DE PAPEL A4, CARTA, OFICIO, LEGAL, FOLIO, EJECUTIVO, B5, BANDEJA DE ENTRADA UNA (1) BANDEJA CON CAPACIDAD PARA 300 HOJAS Y MULTIPROPÓSITO DE 100 HOJAS, BANDEJA DE SALIDA UNA (1) BANDEJA CON CAPACIDAD PARA 100 HOJAS. CONSUMIBLES: TONER NEGRO CON UN RENDIMIENTO DE: 6.000 HOJAS EN MODO NORMAL AL 5% DE COBERTURA, SE DEBE ENTREGAR TONER NEGRO ADICIONAL PARA IMPRIMIR 12000 HOJAS MAS, ESTE DEBE SER DIFERENTE AL QUE VIENE CON LA IMPRESORA. SE DEBE INCLUIR: 1 PUERTO DE RED ETHERNET 10/100/1000 BASE-TX, UN 1 CABLE USB COMPATIBLE CON LA IMPRESORA PARA SU CONEXIÓN A PC DE MÍNIMO DE 3 METROS Y 1 PATCH CORD PARA CONEXION DE LA IMPRESORA EN LA RED LAN MINIMO DE 3 METROS. | F76: UNIDAD | G76: 1 | H76: 0.19 | I76: =+TESERACT!H93 -> 2444080.6 | J76: =I76*(1+H76) -> 2908455.9 | K76: =+'FUND JUGANDO EN SERIO'!H93 -> 1750000 | L76: =K76*(1+H76) -> 2082500 | M76: =+'FUNDA SERVI '!H93 -> 2012500 | N76: =M76*(1+H76) -> 2394875 | O76: =ROUND(AVERAGE(I76,K76,M76),0) -> 2068860 | P76: =ROUND(O76*(1+H76),0) -> 2461943 | Q76: =ROUND(GEOMEAN(I76,K76,M76),0) -> 2049415 | R76: =ROUND(Q76*(1+H76),0) -> 2438804
B77: 70 | C77: TELON DE PROYECCION | D77: TELÓN PARA PROYECCIÓN, CON TRÍPODE, DE FÁCIL TRANSPORTE, DIMENSIÓN PARA PROYECCIÓN EN TELA BLANCA DE 170 X 170 CM MINIMO, EN MATERIAL DE ALTA CALIDAD, MODO DE APERTURA MANUAL, TIPO DE TELA BLANCA FLASH MATE, TIPO DE PROYECCIÓN FRONTAL. | F77: UNIDAD | G77: 1 | H77: 0.19 | I77: =+TESERACT!H96 -> 371500.26 | J77: =I77*(1+H77) -> 442085.3 | K77: =+'FUND JUGANDO EN SERIO'!H96 -> 266000 | L77: =K77*(1+H77) -> 316540 | M77: =+'FUNDA SERVI '!H96 -> 305900 | N77: =M77*(1+H77) -> 364021 | O77: =ROUND(AVERAGE(I77,K77,M77),0) -> 314467 | P77: =ROUND(O77*(1+H77),0) -> 374216 | Q77: =ROUND(GEOMEAN(I77,K77,M77),0) -> 311511 | R77: =ROUND(Q77*(1+H77),0) -> 370698
B78: 71 | C78: MULTIPUERTOS USB 8 EN 1 CON ADAPTADOR USB C Y A | D78: ADAPTADOR MULTIPUERTO 8 EN 1 ADAPTABLE A USB-C O A USB 3.0- 3 PUERTOS USB 2.0 Y 1 PUERTO USB 3.0, RANURAS SD Y MICROSD (TF), AUXILIAR DE AUDIO 3,5 MM, 1 PUERTO USBC- FÁCIL CONEXIÓN. | F78: UNIDAD | G78: 1 | H78: 0.19 | I78: =+TESERACT!H97 -> 73322.419 | J78: =I78*(1+H78) -> 87253.678 | K78: =+'FUND JUGANDO EN SERIO'!H97 -> 52500 | L78: =K78*(1+H78) -> 62475 | M78: =+'FUNDA SERVI '!H97 -> 60375 | N78: =M78*(1+H78) -> 71846.25 | O78: =ROUND(AVERAGE(I78,K78,M78),0) -> 62066 | P78: =ROUND(O78*(1+H78),0) -> 73859 | Q78: =ROUND(GEOMEAN(I78,K78,M78),0) -> 61482 | R78: =ROUND(Q78*(1+H78),0) -> 73164
B79: 72 | C79: REFLECTOR TIPO PAR LED | D79: SISTEMA RGBW (ROJO, VERDE, AZUL Y BLANCO), MÍNIMO 54 LEDS DE 3W CADA UNO, CONTROL DMX512, MODOS AUTOMÁTICO Y MANUAL. | F79: UNIDAD | G79: 1 | H79: 0.19 | I79: =+TESERACT!H98 -> 83098.741 | J79: =I79*(1+H79) -> 98887.502 | K79: =+'FUND JUGANDO EN SERIO'!H98 -> 59500 | L79: =K79*(1+H79) -> 70805 | M79: =+'FUNDA SERVI '!H98 -> 68425 | N79: =M79*(1+H79) -> 81425.75 | O79: =ROUND(AVERAGE(I79,K79,M79),0) -> 70341 | P79: =ROUND(O79*(1+H79),0) -> 83706 | Q79: =ROUND(GEOMEAN(I79,K79,M79),0) -> 69680 | R79: =ROUND(Q79*(1+H79),0) -> 82919
B80: 73 | C80: VÍDEO BEAM AUDITORIO | D80: SISTEMA DE PROYECCIÓN: TECNOLOGÍA DE 3CHOPS MÉTODO DE PROYECCIÓN: FRONTAL/POSTERIOR/TECHO, PANTALLA LCD: 0,73 PULGADAS (D10, C2 FINES), MÉTODO DE VISUALIZACIÓN: POLY-SILICON TFT ACTIVE MATRI, NÚMERO DE PIXELES 2,304,000 PIXEELES (1920X1200) X3 LUMINOSIDAD EN COLOR 6000 LÚMENES, LIMINOSIDAD EN BLANCO: 7,000 LÚMENES RELACIÓN DE ASPECTO16,10 RESOLUCIÓN NATIVA: WUXGA. TIPO DE LÁMPARA: 300W UHE, VIDA ÚTIL DE LA LÁMPARA 5.000 HORAS (MODO NORMAL): 10.000 HORAS (MODO ECO) CORRECCIÓN DE TRAPECIO: VERTICAL 30" +30" SCREEN FIT: APROX 4 SEGUNDOS. DISTANCIA 1.46X3.00 TAMAÑO DE PANTALLA: 50" X 101" HORIZONTAL-VERTICAL. VERTICAL 30" A 30", HORIZONTAL 20" A 20" RELACIÓN DE CONTRASTE HASTA 15,000 REPRODUCCIÓN DE COLOR: HASTA UN BILLON DE COLORES. | F80: UNIDAD | G80: 1 | H80: 0.19 | I80: =+TESERACT!H101 -> 7681396.2 | J80: =I80*(1+H80) -> 9140861.5 | K80: =+'FUND JUGANDO EN SERIO'!H101 -> 5500000 | L80: =K80*(1+H80) -> 6545000 | M80: =+'FUNDA SERVI '!H101 -> 6325000 | N80: =M80*(1+H80) -> 7526750 | O80: =ROUND(AVERAGE(I80,K80,M80),0) -> 6502132 | P80: =ROUND(O80*(1+H80),0) -> 7737537 | Q80: =ROUND(GEOMEAN(I80,K80,M80),0) -> 6441017 | R80: =ROUND(Q80*(1+H80),0) -> 7664810
B81: 74 | C81: CONSOLA DE ILUMINACIÓN DMX192 | D81: MÍNIMO 192 CANALES, FADERS FÍSICOS, MEMORIA DE ESCENAS, PROGRAMACIÓN DE SECUENCIAS. | F81: UNIDAD | G81: 1 | H81: 0.19 | I81: =+TESERACT!H102 -> 185750.13 | J81: =I81*(1+H81) -> 221042.65 | K81: =+'FUND JUGANDO EN SERIO'!H102 -> 133000 | L81: =K81*(1+H81) -> 158270 | M81: =+'FUNDA SERVI '!H102 -> 152950 | N81: =M81*(1+H81) -> 182010.5 | O81: =ROUND(AVERAGE(I81,K81,M81),0) -> 157233 | P81: =ROUND(O81*(1+H81),0) -> 187107 | Q81: =ROUND(GEOMEAN(I81,K81,M81),0) -> 155756 | R81: =ROUND(Q81*(1+H81),0) -> 185350
B82: 75 | C82: SOPORTE DE TV CON RUEDAS CARRITO DE TV MÓVIL D 70 PULGADAS | D82: ALTO 20 CM, ANCHO 47 CM, MODELO AVC001-P, MATERIAL HIERRO, SISTEMA DE FIJACIÓN TORNILLOS, COLOR NEGRO, TIPO SOPORTES, GIRO 1, TIPO DE SOPORTE TV, CON EXTENSIÓN, LARGO 37 CM, REQUIERE ARMADO, CON RUEDAS PARA DESPLAZAMIENTO. ESTILO DECO VINTAGE MODERNO. COMPATIBILIDAD: EL SOPORTE UNIVERSAL PARA TV SE ADAPTA A LA MAYORÍA DE TELEVISORES DE 23" A 80", SOPORTA HASTA 100LBS Y APLICABLE AL PATRÓN DE AGUJEROS DE MONTAJE DE 200X200MM A 400X400MM. ALTURA AJUSTABLE: TANTO EL SOPORTE DE MONTAJE DE TV COMO LA COLUMNA DE SOPORTE CENTRAL PROPORCIONAN AJUSTE DE ALTURA, PERMITEN CREAR UNA ALTURA DE VISUALIZACIÓN MÁS CÓMODA PARA TELEVISORES DE DIFERENTES TAMAÑOS, CON INSTALACIÓN DEL TV | F82: UNIDAD | G82: 1 | H82: 0.19 | I82: =+TESERACT!H103 -> 312842.32 | J82: =I82*(1+H82) -> 372282.36 | K82: =+'FUND JUGANDO EN SERIO'!H103 -> 224000 | L82: =K82*(1+H82) -> 266560 | M82: =+'FUNDA SERVI '!H103 -> 257600 | N82: =M82*(1+H82) -> 306544 | O82: =ROUND(AVERAGE(I82,K82,M82),0) -> 264814 | P82: =ROUND(O82*(1+H82),0) -> 315129 | Q82: =ROUND(GEOMEAN(I82,K82,M82),0) -> 262325 | R82: =ROUND(Q82*(1+H82),0) -> 312167
B83: 76 | C83: IMPRESORA MULTIFUNCIONAL LASER A COLOR | D83: TECNOLOGÍA Y TIPO: IMPRESORA MULTIFUNCIONAL (IMPRESIÓN, COPIADO Y ESCÁNER) CON TECNOLOGÍA LÁSER O LED A COLOR. VELOCIDAD DE IMPRESIÓN: MÍNIMO 40 PÁGINAS POR MINUTO (PPM) EN FORMATO A4 O CARTA. FORMATOS DE PAPEL SOPORTADOS: DEBE SOPORTAR IMPRESIÓN, COPIADO Y ESCANEO (TANTO DESDE EL CRISTAL COMO DESDE EL ALIMENTADOR AUTOMÁTICO DE DOCUMENTOS - ADF) EN TAMAÑOS CARTA Y OFICIO (LEGAL/FOLIO). RESOLUCIÓN: RESOLUCIÓN DE IMPRESIÓN Y ESCANEO MÍNIMA DE 600 X 600 DPI. MEMORIA INTERNA: MÍNIMO 512 MB PARA PROCESAR EFICIENTEMENTE COLAS DE IMPRESIÓN DE DOCUMENTOS PESADOS. CICLO DE TRABAJO MENSUAL: EQUIPO ROBUSTO SOPORTADO PARA UN CICLO DE TRABAJO DE MÍNIMO 10.000 PÁGINAS. MANEJO DE PAPEL Y DÚPLEX: DEBE GARANTIZAR LA IMPRESIÓN A DOBLE CARA (DÚPLEX) AUTOMÁTICA Y EL ESCANEO DÚPLEX AUTOMÁTICO. CAPACIDAD DE ENTRADA TOTAL MÍNIMA DE 400 HOJAS. EL EQUIPO DEBE CONTAR CON MÍNIMO DOS (2) BANDEJAS DE ALIMENTACIÓN DE PAPEL INDEPENDIENTES, QUE PERMITAN MANTENER CARGADOS SIMULTÁNEAMENTE LOS TAMAÑOS CARTA Y OFICIO SIN NECESIDAD DE RETIRAR E INTERCAMBIAR EL PAPEL. CONECTIVIDAD Y RED: TARJETA DE RED ETHERNET (10/100/1000) Y MÓDULO DE CONEXIÓN WI-FI INTEGRADOS. SUMINISTROS (TÓNER): EL EQUIPO DEBE ENTREGARSE CON SUS TÓNERS DE CARGA INICIAL DE FÁBRICA INSTALADOS Y OPERATIVOS. ADICIONALMENTE, EL CONTRATISTA DEBERÁ ENTREGAR, POR CADA IMPRESORA, DOS (2) JUEGOS COMPLETOS DE TÓNERS DE REPUESTO ORIGINALES (NEGRO, CIAN, MAGENTA Y AMARILLO) DE LA MISMA MARCA DEL EQUIPO OFERTADO. CERTIFICACIONES DE CALIDAD: CERTIFICACIÓN AMBIENTAL EPEAT GOLD. MANEJO DE CONSUMO DE ENERGÍA ENERGY STAR 8.X O SUPERIOR (O ECODESIGN AND ENERGY LABELLING). GARANTÍA: TRES (3) AÑOS DE GARANTÍA TOTAL. | F83: UNIDAD | G83: 1 | H83: 0.19 | I83: =+TESERACT!H104 -> 4106055.4 | J83: =I83*(1+H83) -> 4886206 | K83: =+'FUND JUGANDO EN SERIO'!H104 -> 2940000 | L83: =K83*(1+H83) -> 3498600 | M83: =+'FUNDA SERVI '!H104 -> 3381000 | N83: =M83*(1+H83) -> 4023390 | O83: =ROUND(AVERAGE(I83,K83,M83),0) -> 3475685 | P83: =ROUND(O83*(1+H83),0) -> 4136065 | Q83: =ROUND(GEOMEAN(I83,K83,M83),0) -> 3443016 | R83: =ROUND(Q83*(1+H83),0) -> 4097189
B84: 77 | C84: REFLECTOR ELIPSOIDAL LED | D84: POTENCIA MÍNIMA 200W, LENTE INTERCAMBIABLE O AJUSTABLE ENTRE 19° Y 36°, SISTEMA DE CUCHILLAS INTERNAS PARA RECORTE DE LUZ, COMPATIBLE CON CONTROL DMX512. | F84: UNIDAD | G84: 1 | H84: 0.19 | I84: =+TESERACT!H105 -> 606131.99 | J84: =I84*(1+H84) -> 721297.07 | K84: =+'FUND JUGANDO EN SERIO'!H105 -> 434000 | L84: =K84*(1+H84) -> 516460 | M84: =+'FUNDA SERVI '!H105 -> 499100 | N84: =M84*(1+H84) -> 593929 | O84: =ROUND(AVERAGE(I84,K84,M84),0) -> 513077 | P84: =ROUND(O84*(1+H84),0) -> 610562 | Q84: =ROUND(GEOMEAN(I84,K84,M84),0) -> 508255 | R84: =ROUND(Q84*(1+H84),0) -> 604823
B85: 78 | C85: SOPORTE DE TECHO PARA PROYECTOR GITARORIO | D85: ESPECIFICACIONES FÍSICAS TIPO: SOPORTE METÁLICO GIRATORIO PARA VIDEOPROYECTOR SISTEMA DE SUJECIÓN: 4 PUNTOS DE ANCLAJE UNIVERSALES AJUSTABLES MATERIAL: LÁMINA DE ACERO ESTRUCTURAL ESPESOR DEL MATERIAL: 3 MM DIMENSIONES: LARGO: 36 CM ANCHO: 32 CM ALTO (BRAZO): 45 CM (GRADUABLE) ACABADO: PINTURA ELECTROSTÁTICA COLOR NEGRO (RESISTENTE A CORROSIÓN) PESO DEL SOPORTE: 1.52 KG CAPACIDAD DE CARGA: HASTA 20 KG FACTOR DE SEGURIDAD ESTRUCTURAL: ≥ 2 AJUSTES Y MOVILIDAD ROTACIÓN HORIZONTAL: 360° INCLINACIÓN VERTICAL: ±15° A ±30° AJUSTE DE ALTURA: TELESCÓPICO O GRADUABLE HASTA 45 CM NIVELACIÓN FINA: AJUSTE INDEPENDIENTE EN BRAZOS INCLUYE INSTALACIÓN: TECHO Y ELEMENTOS DE FIJACIÓN Y REQUERIMIENTOS ELÉCTRICOS Y DE CANALIZACIÓN | F85: UNIDAD | G85: 1 | H85: 0.19 | I85: =+TESERACT!H108 -> 117315.87 | J85: =I85*(1+H85) -> 139605.89 | K85: =+'FUND JUGANDO EN SERIO'!H108 -> 84000 | L85: =K85*(1+H85) -> 99960 | M85: =+'FUNDA SERVI '!H108 -> 96600 | N85: =M85*(1+H85) -> 114954 | O85: =ROUND(AVERAGE(I85,K85,M85),0) -> 99305 | P85: =ROUND(O85*(1+H85),0) -> 118173 | Q85: =ROUND(GEOMEAN(I85,K85,M85),0) -> 98372 | R85: =ROUND(Q85*(1+H85),0) -> 117063
B86: Sumatora de Valores Unitarios | R86: =SUM(R8:R85) -> 170342464
B87: Nota aclaratoria: Es preciso aclarar que, en la etapa de investigación de mercado, las solicitudes de cotización fueron estructuradas inicialmente sobre un universo de noventa y ocho (98) ítems, con el propósito de recopilar información amplia y suficiente sobre los bienes tecnológicos susceptibles de atender las necesidades identificadas en los proyectos de inversión que soportan el proceso de contratación. Posteriormente, durante la etapa de revisión, validación y consolidación de los requerimientos técnicos por parte de las áreas responsables de los proyectos de inversión, se efectuó una depuración del universo inicialmente consultado, atendiendo a las necesidades efectivamente identificadas, las condiciones y especificaciones técnicas requeridas, la pertinencia de los bienes frente al alcance de cada proyecto y la consolidación de los requerimientos para la estructuración definitiva del proceso. Como resultado de dicha validación técnica, se determinó que el universo definitivo de bienes a incorporar en el proceso de contratación corresponde a setenta y ocho (78) ítems, los cuales se encuentran contenidos dentro de los noventa y ocho (98) ítems inicialmente incluidos en las solicitudes de cotización. En consecuencia, los veinte (20) ítems que no hacen parte del universo definitivo no corresponden a bienes adicionales ni a modificaciones introducidas al objeto contractual, sino a elementos que, como resultado de la revisión técnica de los requerimientos, no fueron incorporados en la estructuración final del proceso. Por lo anterior, las cotizaciones recibidas sobre los noventa y ocho (98) ítems constituyen un insumo de la investigación de mercado y de la identificación de las condiciones económicas de la oferta. Para efectos de la estructuración definitiva del proceso de selección, el análisis económico y la determinación de los bienes susceptibles de ser contratados se circunscriben exclusivamente a los setenta y ocho (78) ítems definidos en el Anexo Técnico y en los demás documentos que integran el proceso. Esta depuración no altera la naturaleza del estudio de mercado ni afecta la trazabilidad de la información recopilada, toda vez que los setenta y ocho (78) ítems que conforman el proceso definitivo hacen parte del universo inicialmente consultado y cuentan con información de precios unitarios obtenida en el marco de la investigación de mercado.

Sheet TESERACT
E2: FONDO DE DESARROLLO LOCAL DE KENNEDY
B3: FORMATO DE SOLICITUD DE COTIZACIÓN
B4: OBJETO: SUMINISTRO Y DISTRIBUCIÓN DE ELEMENTOS TECNOLÓGICOS, EQUIPOS DE CÓMPUTO, CONECTIVIDAD Y ROBÓTICA, PARA EL FORTALECIMIENTO DE LOS ESPACIOS Y ACTIVIDADES DE LOS PROYECTOS DE INVERSIÓN DEL FONDO DE DESARROLLO LOCAL DE KENNEDY
B6: RAZÓN SOCIAL / NOMBRE: | D6: TESERACT SAS | F6: NIT / C.C.: | G6: 800212777-6
B7: CORREO ELECTRÓNICO: | D7: Christian.chaparro@teseract.com.co | F7: DIRECCIÓN: | G7: Cl 128b# 56-33
B8: FECHA DE DILIGENCIAMIENTO | D8: 46295 | F8: TELÉFONO: | G8: 6139636
B10: No. | C10: ITEM | D10: CARACTERISTICAS | F10: UNIDAD DE MEDIDA | G10: UNIDADES | H10: VALOR UNITARIO ANTES DE IVA | I10: PORCENTAJE DE IVA | J10: VALOR TOTAL INCLUIDO IVA
B11: 1 | C11: CORTADORA PARA FOTOGRAFÍA | D11: CORTADORA INDUSTRIAL 400 HOJAS. | F11: UNIDAD | G11: 1 | H11: 938526.96 | I11: 0.19 | J11: =ROUND(H11*(1+I11),0) -> 1116847
B12: 2 | C12: CABLE 1 A 1 | D12: “2/3/5/10/15 M, CABLE BLINDADO PROFESIONAL, CONECTORES 1 ENTRADA A 1 SALIDA, TRANSMISIÓN DE AUDIO ESTABLE, RECUBRIMIENTO RESISTENTE Y CONECTORES METÁLICOS REFORZADOS. | F12: UNIDAD | G12: 5 | H12: 92875.064 | I12: 0.19 | J12: =ROUND(H12*(1+I12),0) -> 110521
B13: 3 | C13: MOUSE GAMING SUPERLIGERO | D13: SENSOR ÓPTICO AVANZADO DE ALTA PRECISIÓN (MÍNIMO 25K DPI), DISEÑO ULTRALIGERO (PESO INFERIOR A 65G), CONECTIVIDAD INALÁMBRICA 2.4GHZ SIN LATENCIA Y OPCIÓN DE CABLE, SWITCHES ÓPTICOS, PATAS DE PTFE PURO PARA DESLIZAMIENTO RÁPIDO. | F13: UNIDAD | G13: 8 | H13: 83098.741 | I13: 0.19 | J13: =ROUND(H13*(1+I13),0) -> 98888
B14: 4 | C14: SET DE KIT DE ROBÓTICA AVANZADA / PREUNIVERSITARIO (17+ AÑOS) | D14: MICROPROCESADORES (JETSON NANO/RPI) Y ESP32. INCLUYE LIDAR, CÁMARAS HD PARA VISIÓN ARTIFICIAL Y GPS DE ALTA PRECISIÓN. MOTORES PASO A PASO DE ALTO TORQUE. COMUNICACIÓN IOT (LORA/4G/5G). SOFTWARE COMPATIBLE CON ROS, PYTHON Y LIBRERÍAS DE IA (OPENCV/TENSORFLOW). ALIMENTACIÓN 12V-24V CON BATERÍAS DE ALTO RENDIMIENTO. INTEGRACIÓN CON SIMULADORES (GAZEBO). INCLUYE HERRAMIENTAS PROFESIONALES Y REPUESTOS. | F14: UNIDAD | G14: 6 | H14: 2737370.3 | I14: 0.19 | J14: =ROUND(H14*(1+I14),0) -> 3257471
B15: 5 | C15: MICROFONO PROFESIONAL ESTUDIO/PODCAST CON SOPORTE | D15: MICROFONO PROFESIONAL, FRECUENCIA DE RESPUESTA MÍNIMO: 50 A 15.000 HZ, SENSIBILIDAD (A 1,000 HZ): IMPEDANCIA NOMINAL DE MÍNIMO 150 OHMS: CONECTOR DE 3 PINES DE AUDIO PROFESIONAL (MACHO XLR Y/O PLUG DE ¼,), COMPATIBLE CON LA CABINA AUTOPOTENCIADA, SE DEBE INCLUIR LOS CONECTORES NECESARIOS PARA LA CONEXIÓN CON LA TORRE DE SONIDO PROFESIONAL. GARANTÍA DE 1 AÑO, INCLUYE PARTES Y MANO DE OBRA. | F15: UNIDAD | G15: 14 | H15: 1564211.6 | I15: 0.19 | J15: =ROUND(H15*(1+I15),0) -> 1861412
B16: 6 | C16: EXTENSIONES ELÉCTRICAS | D16: WATTS: 1651W VOLTIOS: AC 110V-127V MÁXIMO POWER:1651W AMPERAJE:13A MEDIDAS: 20M DE CABLE GRUESO WATTS: 1651W VOLTIOS: AC 110V-127V | F16: UNIDAD | G16: 5 | H16: 410605.55 | I16: 0.19 | J16: =ROUND(H16*(1+I16),0) -> 488621
B17: 7 | C17: AROS DE LUZ | D17: LUZ LED FLASH CON CONTROL, 3 BLANCOS Y 3 MULTICOLOR | F17: UNIDAD | G17: 4 | H17: 606131.99 | I17: 0.19 | J17: =ROUND(H17*(1+I17),0) -> 721297
B18: 8 | C18: PANTALLA INTERACTIVA | D18: TECNOLOGÍA Y TAMAÑO: PANTALLA INTERACTIVA TÁCTIL (TOUCHSCREEN) DE MÍNIMO 65 PULGADAS. TECNOLOGÍA LED O IPS, ANTIRREFLEJO. EL SISTEMA TÁCTIL DEBE SER PARTE INTEGRAL DEL CHASIS. RESOLUCIÓN Y BRILLO: RESOLUCIÓN MÍNIMA 4K UHD (3840 X 2160). RELACIÓN DE ASPECTO 16:9, CONTRASTE MÍNIMO 1600:1 Y BRILLO MÍNIMO DE 350 CD/M2. ÁNGULO DE VISIÓN MÍNIMO DE 178°. INTERACTIVIDAD: MULTI-TOUCH DE MÍNIMO 10 TOQUES SIMULTÁNEOS. DEBE INCLUIR FUNCIÓN DE SCREEN MIRRORING (PROYECCIÓN INALÁMBRICA DESDE OTROS DISPOSITIVOS). HARDWARE INTERNO: MEMORIA RAM MÍNIMA DE 8 GB. ALMACENAMIENTO INTERNO MÍNIMO DE 500 GB. DEBE CONTAR CON SISTEMA OPERATIVO NATIVO EN SU ÚLTIMA VERSIÓN DISPONIBLE. PROTECCIÓN: PANEL FRONTAL CON VIDRIO TEMPLADO ANTIVANDÁLICO PARA PROTECCIÓN CONTRA GOLPES Y RAYONES. CONECTIVIDAD: MÍNIMO 2 PUERTOS USB 3.0 O SUPERIOR, 1 PUERTO DE RED RJ45, 2 PUERTOS HDMI, 1 PUERTO DISPLAYPORT. CONEXIÓN WI-FI Y BLUETOOTH INTEGRADOS. AUDIO: PARLANTES INTEGRADOS CON SALIDA DE AUDIO Y COMPATIBILIDAD CON ALTAVOCES EXTERNOS. SOFTWARE: SOFTWARE INTERACTIVO DE LA MISMA MARCA DE LA PANTALLA (ENSAMBLE ORIGINAL DE FÁBRICA). LICENCIAMIENTO PERPETUO CON ACTUALIZACIONES GRATUITAS DESCARGABLES POR UN PERIODO NO MENOR A CINCO (5) AÑOS. LA LICENCIA NO DEBE PERDERSE SI SE CAMBIA DE EQUIPO. ACCESORIOS Y SOPORTES: DEBE INCLUIR: CÁMARA WEB INTEGRADA O EXTERNA DE MÍNIMO 1080P CON MICRÓFONO. CONECTORES DE AUDIO 3.5MM. LÁPICES ÓPTICOS (STYLUS), CONTROL REMOTO, CABLE DE PODER, MANUALES, CABLE HDMI, CABLE USB, SEÑALADOR Y ANTENAS WI-FI. DEBE INCLUIR SOPORTE DE PISO METÁLICO CON RUEDAS Y FRENO. CERTIFICACIONES: MANEJO DE CONSUMO DE ENERGÍA ENERGY STAR O EQUIVALENTE (CHINA CERTIFICATE / ECODESIGN). GARANTÍA: TRES (3) AÑOS DE GARANTÍA DIRECTA DE FÁBRICA. | F18: UNIDAD | G18: 3 | H18: 12611456 | I18: 0.19 | J18: =ROUND(H18*(1+I18),0) -> 15007633
B19: 9 | C19: BARRA LED ULTRAVIOLETA (UV) | D19: LONGITUD APROXIMADA DE 1 METRO, EQUIPADA CON MÍNIMO 18 A 24 LEDS UV DE 3W, CON ENTRADA Y SALIDA DMX512 (XLR DE 3 PINES), MÍNIMO 8 CANALES DMX. | F19: UNIDAD | G19: 2 | H19: 342171.29 | I19: 0.19 | J19: =ROUND(H19*(1+I19),0) -> 407184
B20: 10 | C20: PANTALLA ALL IN ONE DE 65 PULGADAS | D20: PANTALLA ALL IN ONE DE 65 PULGADAS, TECNOLOGÍA DEL PANEL LED Y/O LCD, DURABILIDAD DEL PANEL EN EL RANGO DE 50.000 HORAS MÍNIMO, TECNOLOGÍA MÍNIMO 4K, • RESOLUCIÓN: MÍNIMO 3840 X 2160 O SUPERIOR,TAMAÑO DE PANTALLA: 65" O SUPERIOR, PROTECCIÓN: VIDRIO TEMPLADO DE 4 MM CON ANTIRREFLEJO DE FÁBRICA, CON DUREZA DEL VIDRIO (7 MOHS), RELACIÓN DE ASPECTO: 16:9 O SUPERIOR, CONTRASTE DINÁMICO: 4000:1 O SUPERIOR, • PUERTOS Y CONECTIVIDAD PUERTO HDMI MÍNIMO (1), MÍNIMO (1) PUERTO VGA, PUERTO DE SALIDA DE AUDIO MÍNIMO (1), ENTRADA DE MICRÓFONO MÍNIMO (1) , PUERTOS USB 2.0 MÍNIMO (2), PUERTO USB-C 3.2 (AUDIO, VIDEO, TOUCH), CONTROL EXTERNO Y RECEPTOR DE INFRARROJOS (1), LAN RJ45, AUDIO: POTENCIA PARLANTES 20W (10 WATTS RMS * 2), TECNOLOGÍA TOUCH: INFRARROJO Y/O ULTRA-FINE TOUCH, RESOLUCIÓN TOUCH: 32767 X 32767 O SUPERIOR, TIEMPO DE RESPUESTA: ≤ 10 MS MÍNIMO, TOQUES SIMULTÁNEOS: MÍNIMO 20 EN ANDROID Y 40 EN WINDOWS, MÉTODOS DE TOQUE: DEDO Y/O LÁPIZ, SALIDA TOUCH PC: USB-B / 2.0 Y/O USB-A, COMPATIBILIDAD: PLUG AND PLAY, SISTEMA OPERATIVO: ANDROID MÍNIMO 10.0 CON PLAY STORE, WINDOWS 11 BÁSICO Y/O MAC. CARACTERÍSTICAS DEL COMPUTADOR INTEGRADO (OPS), PROCESADOR: INTEL CORE I7 DE 12 GENERACIÓN, MÍNIMO 2.1 GHZ (O EQUIVALENTE EN AMD), ARQUITECTURA: 64 BITS MEMORIA RAM MÍNIMO 8GB, ALMACENAMIENTO: MÍNIMO 500 GB HDD Y/O 256 GB SSD, TARJETA DE VIDEO: INTEL HD GRAPHICS DE 1 GB, PUERTOS CPU: MÍNIMO 6 PUERTOS USB ADICIONALES Y 1 PUERTO HDMI, RED: * TARJETA DE RED INALÁMBRICA INCORPORADA, TARJETA DE RED 10/100/1000 O SUPERIOR, SOPORTE NORMATIVIDAD 802.11 B/G/N A 300 MBPS, CERTIFICACIONES Y NORMAS: ENERGY STAR, ROHS, REACH SVHC LIST, CE-UL, CUL, FCC-B / ICES-003B, WEEE Y OTRAS NORMAS AMBIENTALES A NIVEL MUNDIA, TECLADO EN ESPAÑOL INALAMBRICO COMPATIBLE CON EL COMPUTADOR INTEGRADO DE LA PANTALLA MOUSE ÓPTICO INALAMBRICO CON SCROLL COMPATIBLE CON EL COMPUTADOR INTEGRADO DE LA PANTALLA, SE DEBE INCLUIR LAS BATERIAS PARA EL TECLADO Y MOUSE MINIMO 4 PARES Y/O BATERIAS RECARGABLES POR USB. GARANTÍA 3 AÑOS EN SITIO, INCLUYE PARTES Y MANO DE OBRA, A PARTIR DEL RECIBO A SATISFACCIÓN POR PARTE DE LA . ASI MISMO DEBE TENER SISTEMA OPERATIVO ANDROID INDEPENDIENTE PARA EL MANEJO E INSTALACION DE APLICACIONES ANDROID. | F20: UNIDAD | G20: 20 | H20: 6843425.8 | I20: 0.19 | J20: =ROUND(H20*(1+I20),0) -> 8143677
B21: 11 | C21: EXTENSIONES ELÉCTRICAS | D21: WATTS: 1651W VOLTIOS: AC 110V-127V MÁXIMO POWER:1651W AMPERAJE:13A MEDIDAS: 4M, DE CABLE GRUESO | F21: UNIDAD | G21: 3 | H21: 87986.903 | I21: 0.19 | J21: =ROUND(H21*(1+I21),0) -> 104704
B22: 12 | C22: FILTRO ANTIPOP | D22: REFLEXION NEEWER NW, PARA PROTECCIÓN DEL MICRÓFONO PROFESIONAL. | F22: UNIDAD | G22: 4 | H22: 498592.45 | I22: 0.19 | J22: =ROUND(H22*(1+I22),0) -> 593325
... B108: 98 | C108: SOPORTE DE TECHO PARA PROYECTOR GITARORIO | D108: ESPECIFICACIONES FÍSICAS TIPO: SOPORTE METÁLICO GIRATORIO PARA VIDEOPROYECTOR SISTEMA DE SUJECIÓN: 4 PUNTOS DE ANCLAJE UNIVERSALES AJUSTABLES MATERIAL: LÁMINA DE ACERO ESTRUCTURAL ESPESOR DEL MATERIAL: 3 MM DIMENSIONES: LARGO: 36 CM ANCHO: 32 CM ALTO (BRAZO): 45 CM (GRADUABLE) ACABADO: PINTURA ELECTROSTÁTICA COLOR NEGRO (RESISTENTE A CORROSIÓN) PESO DEL SOPORTE: 1.52 KG CAPACIDAD DE CARGA: HASTA 20 KG FACTOR DE SEGURIDAD ESTRUCTURAL: ≥ 2 AJUSTES Y MOVILIDAD ROTACIÓN HORIZONTAL: 360° INCLINACIÓN VERTICAL: ±15° A ±30° AJUSTE DE ALTURA: TELESCÓPICO O GRADUABLE HASTA 45 CM NIVELACIÓN FINA: AJUSTE INDEPENDIENTE EN BRAZOS INCLUYE INSTALACIÓN: TECHO Y ELEMENTOS DE FIJACIÓN Y REQUERIMIENTOS ELÉCTRICOS Y DE CANALIZACIÓN | F108: UNIDAD | G108: 1 | H108: 117315.87 | I108: 0.19 | J108: =ROUND(H108*(1+I108),0) -> 139606

Sheet FUND JUGANDO EN SERIO
E2: FONDO DE DESARROLLO LOCAL DE KENNEDY
B3: FORMATO DE SOLICITUD DE COTIZACIÓN
B4: OBJETO: SUMINISTRO Y DISTRIBUCIÓN DE ELEMENTOS TECNOLÓGICOS, EQUIPOS DE CÓMPUTO, CONECTIVIDAD Y ROBÓTICA, PARA EL FORTALECIMIENTO DE LOS ESPACIOS Y ACTIVIDADES DE LOS PROYECTOS DE INVERSIÓN DEL FONDO DE DESARROLLO LOCAL DE KENNEDY
B6: RAZÓN SOCIAL / NOMBRE: | D6: FUNDACION JUGANDO EN SERIO | F6: NIT / C.C.: | G6: 800350680
B7: CORREO ELECTRÓNICO: | D7: FUNDACIIONJUGANDOENSERIO@GMAIL.COM | F7: DIRECCIÓN: | G7: CARRERA 82 No 45-29 SUR
B8: FECHA DE DILIGENCIAMIENTO | D8: 46288 | F8: TELÉFONO: | G8: 3182787572
B10: No. | C10: ITEM | D10: CARACTERISTICAS | F10: UNIDAD DE MEDIDA | G10: UNIDADES | H10: VALOR UNITARIO ANTES DE IVA | I10: PORCENTAJE DE IVA | J10: VALOR TOTAL INCLUIDO IVA
B11: 1 | C11: CORTADORA PARA FOTOGRAFÍA | D11: CORTADORA INDUSTRIAL 400 HOJAS. | F11: UNIDAD | G11: 1 | H11: 672000 | I11: 0.19 | J11: =ROUND(H11*(1+I11),0) -> 799680
B12: 2 | C12: CABLE 1 A 1 | D12: “2/3/5/10/15 M, CABLE BLINDADO PROFESIONAL, CONECTORES 1 ENTRADA A 1 SALIDA, TRANSMISIÓN DE AUDIO ESTABLE, RECUBRIMIENTO RESISTENTE Y CONECTORES METÁLICOS REFORZADOS. | F12: UNIDAD | G12: 5 | H12: 66500 | I12: 0.19 | J12: =ROUND(H12*(1+I12),0) -> 79135
B13: 3 | C13: MOUSE GAMING SUPERLIGERO | D13: SENSOR ÓPTICO AVANZADO DE ALTA PRECISIÓN (MÍNIMO 25K DPI), DISEÑO ULTRALIGERO (PESO INFERIOR A 65G), CONECTIVIDAD INALÁMBRICA 2.4GHZ SIN LATENCIA Y OPCIÓN DE CABLE, SWITCHES ÓPTICOS, PATAS DE PTFE PURO PARA DESLIZAMIENTO RÁPIDO. | F13: UNIDAD | G13: 8 | H13: 59500 | I13: 0.19 | J13: =ROUND(H13*(1+I13),0) -> 70805
B14: 4 | C14: SET DE KIT DE ROBÓTICA AVANZADA / PREUNIVERSITARIO (17+ AÑOS) | D14: MICROPROCESADORES (JETSON NANO/RPI) Y ESP32. INCLUYE LIDAR, CÁMARAS HD PARA VISIÓN ARTIFICIAL Y GPS DE ALTA PRECISIÓN. MOTORES PASO A PASO DE ALTO TORQUE. COMUNICACIÓN IOT (LORA/4G/5G). SOFTWARE COMPATIBLE CON ROS, PYTHON Y LIBRERÍAS DE IA (OPENCV/TENSORFLOW). ALIMENTACIÓN 12V-24V CON BATERÍAS DE ALTO RENDIMIENTO. INTEGRACIÓN CON SIMULADORES (GAZEBO). INCLUYE HERRAMIENTAS PROFESIONALES Y REPUESTOS. | F14: UNIDAD | G14: 6 | H14: 1960000 | I14: 0.19 | J14: =ROUND(H14*(1+I14),0) -> 2332400
B15: 5 | C15: MICROFONO PROFESIONAL ESTUDIO/PODCAST CON SOPORTE | D15: MICROFONO PROFESIONAL, FRECUENCIA DE RESPUESTA MÍNIMO: 50 A 15.000 HZ, SENSIBILIDAD (A 1,000 HZ): IMPEDANCIA NOMINAL DE MÍNIMO 150 OHMS: CONECTOR DE 3 PINES DE AUDIO PROFESIONAL (MACHO XLR Y/O PLUG DE ¼,), COMPATIBLE CON LA CABINA AUTOPOTENCIADA, SE DEBE INCLUIR LOS CONECTORES NECESARIOS PARA LA CONEXIÓN CON LA TORRE DE SONIDO PROFESIONAL. GARANTÍA DE 1 AÑO, INCLUYE PARTES Y MANO DE OBRA. | F15: UNIDAD | G15: 14 | H15: 1120000 | I15: 0.19 | J15: =ROUND(H15*(1+I15),0) -> 1332800
B16: 6 | C16: EXTENSIONES ELÉCTRICAS | D16: WATTS: 1651W VOLTIOS: AC 110V-127V MÁXIMO POWER:1651W AMPERAJE:13A MEDIDAS: 20M DE CABLE GRUESO WATTS: 1651W VOLTIOS: AC 110V-127V | F16: UNIDAD | G16: 5 | H16: 294000 | I16: 0.19 | J16: =ROUND(H16*(1+I16),0) -> 349860
B17: 7 | C17: AROS DE LUZ | D17: LUZ LED FLASH CON CONTROL, 3 BLANCOS Y 3 MULTICOLOR | F17: UNIDAD | G17: 4 | H17: 434000 | I17: 0.19 | J17: =ROUND(H17*(1+I17),0) -> 516460
B18: 8 | C18: PANTALLA INTERACTIVA | D18: TECNOLOGÍA Y TAMAÑO: PANTALLA INTERACTIVA TÁCTIL (TOUCHSCREEN) DE MÍNIMO 65 PULGADAS. TECNOLOGÍA LED O IPS, ANTIRREFLEJO. EL SISTEMA TÁCTIL DEBE SER PARTE INTEGRAL DEL CHASIS. RESOLUCIÓN Y BRILLO: RESOLUCIÓN MÍNIMA 4K UHD (3840 X 2160). RELACIÓN DE ASPECTO 16:9, CONTRASTE MÍNIMO 1600:1 Y BRILLO MÍNIMO DE 350 CD/M2. ÁNGULO DE VISIÓN MÍNIMO DE 178°. INTERACTIVIDAD: MULTI-TOUCH DE MÍNIMO 10 TOQUES SIMULTÁNEOS. DEBE INCLUIR FUNCIÓN DE SCREEN MIRRORING (PROYECCIÓN INALÁMBRICA DESDE OTROS DISPOSITIVOS). HARDWARE INTERNO: MEMORIA RAM MÍNIMA DE 8 GB. ALMACENAMIENTO INTERNO MÍNIMO DE 500 GB. DEBE CONTAR CON SISTEMA OPERATIVO NATIVO EN SU ÚLTIMA VERSIÓN DISPONIBLE. PROTECCIÓN: PANEL FRONTAL CON VIDRIO TEMPLADO ANTIVANDÁLICO PARA PROTECCIÓN CONTRA GOLPES Y RAYONES. CONECTIVIDAD: MÍNIMO 2 PUERTOS USB 3.0 O SUPERIOR, 1 PUERTO DE RED RJ45, 2 PUERTOS HDMI, 1 PUERTO DISPLAYPORT. CONEXIÓN WI-FI Y BLUETOOTH INTEGRADOS. AUDIO: PARLANTES INTEGRADOS CON SALIDA DE AUDIO Y COMPATIBILIDAD CON ALTAVOCES EXTERNOS. SOFTWARE: SOFTWARE INTERACTIVO DE LA MISMA MARCA DE LA PANTALLA (ENSAMBLE ORIGINAL DE FÁBRICA). LICENCIAMIENTO PERPETUO CON ACTUALIZACIONES GRATUITAS DESCARGABLES POR UN PERIODO NO MENOR A CINCO (5) AÑOS. LA LICENCIA NO DEBE PERDERSE SI SE CAMBIA DE EQUIPO. ACCESORIOS Y SOPORTES: DEBE INCLUIR: CÁMARA WEB INTEGRADA O EXTERNA DE MÍNIMO 1080P CON MICRÓFONO. CONECTORES DE AUDIO 3.5MM. LÁPICES ÓPTICOS (STYLUS), CONTROL REMOTO, CABLE DE PODER, MANUALES, CABLE HDMI, CABLE USB, SEÑALADOR Y ANTENAS WI-FI. DEBE INCLUIR SOPORTE DE PISO METÁLICO CON RUEDAS Y FRENO. CERTIFICACIONES: MANEJO DE CONSUMO DE ENERGÍA ENERGY STAR O EQUIVALENTE (CHINA CERTIFICATE / ECODESIGN). GARANTÍA: TRES (3) AÑOS DE GARANTÍA DIRECTA DE FÁBRICA. | F18: UNIDAD | G18: 3 | H18: 9030000 | I18: 0.19 | J18: =ROUND(H18*(1+I18),0) -> 10745700
B19: 9 | C19: BARRA LED ULTRAVIOLETA (UV) | D19: LONGITUD APROXIMADA DE 1 METRO, EQUIPADA CON MÍNIMO 18 A 24 LEDS UV DE 3W, CON ENTRADA Y SALIDA DMX512 (XLR DE 3 PINES), MÍNIMO 8 CANALES DMX. | F19: UNIDAD | G19: 2 | H19: 245000 | I19: 0.19 | J19: =ROUND(H19*(1+I19),0) -> 291550
B20: 10 | C20: PANTALLA ALL IN ONE DE 65 PULGADAS | D20: PANTALLA ALL IN ONE DE 65 PULGADAS, TECNOLOGÍA DEL PANEL LED Y/O LCD, DURABILIDAD DEL PANEL EN EL RANGO DE 50.000 HORAS MÍNIMO, TECNOLOGÍA MÍNIMO 4K, • RESOLUCIÓN: MÍNIMO 3840 X 2160 O SUPERIOR,TAMAÑO DE PANTALLA: 65" O SUPERIOR, PROTECCIÓN: VIDRIO TEMPLADO DE 4 MM CON ANTIRREFLEJO DE FÁBRICA, CON DUREZA DEL VIDRIO (7 MOHS), RELACIÓN DE ASPECTO: 16:9 O SUPERIOR, CONTRASTE DINÁMICO: 4000:1 O SUPERIOR, • PUERTOS Y CONECTIVIDAD PUERTO HDMI MÍNIMO (1), MÍNIMO (1) PUERTO VGA, PUERTO DE SALIDA DE AUDIO MÍNIMO (1), ENTRADA DE MICRÓFONO MÍNIMO (1) , PUERTOS USB 2.0 MÍNIMO (2), PUERTO USB-C 3.2 (AUDIO, VIDEO, TOUCH), CONTROL EXTERNO Y RECEPTOR DE INFRARROJOS (1), LAN RJ45, AUDIO: POTENCIA PARLANTES 20W (10 WATTS RMS * 2), TECNOLOGÍA TOUCH: INFRARROJO Y/O ULTRA-FINE TOUCH, RESOLUCIÓN TOUCH: 32767 X 32767 O SUPERIOR, TIEMPO DE RESPUESTA: ≤ 10 MS MÍNIMO, TOQUES SIMULTÁNEOS: MÍNIMO 20 EN ANDROID Y 40 EN WINDOWS, MÉTODOS DE TOQUE: DEDO Y/O LÁPIZ, SALIDA TOUCH PC: USB-B / 2.0 Y/O USB-A, COMPATIBILIDAD: PLUG AND PLAY, SISTEMA OPERATIVO: ANDROID MÍNIMO 10.0 CON PLAY STORE, WINDOWS 11 BÁSICO Y/O MAC. CARACTERÍSTICAS DEL COMPUTADOR INTEGRADO (OPS), PROCESADOR: INTEL CORE I7 DE 12 GENERACIÓN, MÍNIMO 2.1 GHZ (O EQUIVALENTE EN AMD), ARQUITECTURA: 64 BITS MEMORIA RAM MÍNIMO 8GB, ALMACENAMIENTO: MÍNIMO 500 GB HDD Y/O 256 GB SSD, TARJETA DE VIDEO: INTEL HD GRAPHICS DE 1 GB, PUERTOS CPU: MÍNIMO 6 PUERTOS USB ADICIONALES Y 1 PUERTO HDMI, RED: * TARJETA DE RED INALÁMBRICA INCORPORADA, TARJETA DE RED 10/100/1000 O SUPERIOR, SOPORTE NORMATIVIDAD 802.11 B/G/N A 300 MBPS, CERTIFICACIONES Y NORMAS: ENERGY STAR, ROHS, REACH SVHC LIST, CE-UL, CUL, FCC-B / ICES-003B, WEEE Y OTRAS NORMAS AMBIENTALES A NIVEL MUNDIA, TECLADO EN ESPAÑOL INALAMBRICO COMPATIBLE CON EL COMPUTADOR INTEGRADO DE LA PANTALLA MOUSE ÓPTICO INALAMBRICO CON SCROLL COMPATIBLE CON EL COMPUTADOR INTEGRADO DE LA PANTALLA, SE DEBE INCLUIR LAS BATERIAS PARA EL TECLADO Y MOUSE MINIMO 4 PARES Y/O BATERIAS RECARGABLES POR USB. GARANTÍA 3 AÑOS EN SITIO, INCLUYE PARTES Y MANO DE OBRA, A PARTIR DEL RECIBO A SATISFACCIÓN POR PARTE DE LA . ASI MISMO DEBE TENER SISTEMA OPERATIVO ANDROID INDEPENDIENTE PARA EL MANEJO E INSTALACION DE APLICACIONES ANDROID. | F20: UNIDAD | G20: 20 | H20: 4900000 | I20: 0.19 | J20: =ROUND(H20*(1+I20),0) -> 5831000
B21: 11 | C21: EXTENSIONES ELÉCTRICAS | D21: WATTS: 1651W VOLTIOS: AC 110V-127V MÁXIMO POWER:1651W AMPERAJE:13A MEDIDAS: 4M, DE CABLE GRUESO | F21: UNIDAD | G21: 3 | H21: 63000 | I21: 0.19 | J21: =ROUND(H21*(1+I21),0) -> 74970
B22: 12 | C22: FILTRO ANTIPOP | D22: REFLEXION NEEWER NW, PARA PROTECCIÓN DEL MICRÓFONO PROFESIONAL. | F22: UNIDAD | G22: 4 | H22: 357000 | I22: 0.19 | J22: =ROUND(H22*(1+I22),0) -> 424830
... B108: 98 | C108: SOPORTE DE TECHO PARA PROYECTOR GITARORIO | D108: ESPECIFICACIONES FÍSICAS TIPO: SOPORTE METÁLICO GIRATORIO PARA VIDEOPROYECTOR SISTEMA DE SUJECIÓN: 4 PUNTOS DE ANCLAJE UNIVERSALES AJUSTABLES MATERIAL: LÁMINA DE ACERO ESTRUCTURAL ESPESOR DEL MATERIAL: 3 MM DIMENSIONES: LARGO: 36 CM ANCHO: 32 CM ALTO (BRAZO): 45 CM (GRADUABLE) ACABADO: PINTURA ELECTROSTÁTICA COLOR NEGRO (RESISTENTE A CORROSIÓN) PESO DEL SOPORTE: 1.52 KG CAPACIDAD DE CARGA: HASTA 20 KG FACTOR DE SEGURIDAD ESTRUCTURAL: ≥ 2 AJUSTES Y MOVILIDAD ROTACIÓN HORIZONTAL: 360° INCLINACIÓN VERTICAL: ±15° A ±30° AJUSTE DE ALTURA: TELESCÓPICO O GRADUABLE HASTA 45 CM NIVELACIÓN FINA: AJUSTE INDEPENDIENTE EN BRAZOS INCLUYE INSTALACIÓN: TECHO Y ELEMENTOS DE FIJACIÓN Y REQUERIMIENTOS ELÉCTRICOS Y DE CANALIZACIÓN | F108: UNIDAD | G108: 1 | H108: 84000 | I108: 0.19 | J108: =ROUND(H108*(1+I108),0) -> 99960

Sheet FUNDA SERVI 
E2: FONDO DE DESARROLLO LOCAL DE KENNEDY
B3: FORMATO DE SOLICITUD DE COTIZACIÓN
B4: OBJETO: SUMINISTRO Y DISTRIBUCIÓN DE ELEMENTOS TECNOLÓGICOS, EQUIPOS DE CÓMPUTO, CONECTIVIDAD Y ROBÓTICA, PARA EL FORTALECIMIENTO DE LOS ESPACIOS Y ACTIVIDADES DE LOS PROYECTOS DE INVERSIÓN DEL FONDO DE DESARROLLO LOCAL DE KENNEDY
B6: RAZÓN SOCIAL / NOMBRE: | D6: Fundación Servisamoa | F6: NIT / C.C.: | G6: 9019274476
B7: CORREO ELECTRÓNICO: | D7: fundacionservisamoa@gmail.com | F7: DIRECCIÓN: | G7: Calle 67 B Sur # 13 - 60
B8: FECHA DE DILIGENCIAMIENTO | D8: 46295 | F8: TELÉFONO: | G8: 3204410815
B10: No. | C10: ITEM | D10: CARACTERISTICAS | F10: UNIDAD DE MEDIDA | G10: UNIDADES | H10: VALOR UNITARIO ANTES DE IVA | I10: PORCENTAJE DE IVA | J10: VALOR TOTAL INCLUIDO IVA
B11: 1 | C11: CORTADORA PARA FOTOGRAFÍA | D11: CORTADORA INDUSTRIAL 400 HOJAS. | F11: UNIDAD | G11: 1 | H11: 772800 | I11: 0.19 | J11: =ROUND(H11*(1+I11),0) -> 919632
B12: 2 | C12: CABLE 1 A 1 | D12: “2/3/5/10/15 M, CABLE BLINDADO PROFESIONAL, CONECTORES 1 ENTRADA A 1 SALIDA, TRANSMISIÓN DE AUDIO ESTABLE, RECUBRIMIENTO RESISTENTE Y CONECTORES METÁLICOS REFORZADOS. | F12: UNIDAD | G12: 5 | H12: 76475 | I12: 0.19 | J12: =ROUND(H12*(1+I12),0) -> 91005
B13: 3 | C13: MOUSE GAMING SUPERLIGERO | D13: SENSOR ÓPTICO AVANZADO DE ALTA PRECISIÓN (MÍNIMO 25K DPI), DISEÑO ULTRALIGERO (PESO INFERIOR A 65G), CONECTIVIDAD INALÁMBRICA 2.4GHZ SIN LATENCIA Y OPCIÓN DE CABLE, SWITCHES ÓPTICOS, PATAS DE PTFE PURO PARA DESLIZAMIENTO RÁPIDO. | F13: UNIDAD | G13: 8 | H13: 68425 | I13: 0.19 | J13: =ROUND(H13*(1+I13),0) -> 81426
B14: 4 | C14: SET DE KIT DE ROBÓTICA AVANZADA / PREUNIVERSITARIO (17+ AÑOS) | D14: MICROPROCESADORES (JETSON NANO/RPI) Y ESP32. INCLUYE LIDAR, CÁMARAS HD PARA VISIÓN ARTIFICIAL Y GPS DE ALTA PRECISIÓN. MOTORES PASO A PASO DE ALTO TORQUE. COMUNICACIÓN IOT (LORA/4G/5G). SOFTWARE COMPATIBLE CON ROS, PYTHON Y LIBRERÍAS DE IA (OPENCV/TENSORFLOW). ALIMENTACIÓN 12V-24V CON BATERÍAS DE ALTO RENDIMIENTO. INTEGRACIÓN CON SIMULADORES (GAZEBO). INCLUYE HERRAMIENTAS PROFESIONALES Y REPUESTOS. | F14: UNIDAD | G14: 6 | H14: 2254000 | I14: 0.19 | J14: =ROUND(H14*(1+I14),0) -> 2682260
B15: 5 | C15: MICROFONO PROFESIONAL ESTUDIO/PODCAST CON SOPORTE | D15: MICROFONO PROFESIONAL, FRECUENCIA DE RESPUESTA MÍNIMO: 50 A 15.000 HZ, SENSIBILIDAD (A 1,000 HZ): IMPEDANCIA NOMINAL DE MÍNIMO 150 OHMS: CONECTOR DE 3 PINES DE AUDIO PROFESIONAL (MACHO XLR Y/O PLUG DE ¼,), COMPATIBLE CON LA CABINA AUTOPOTENCIADA, SE DEBE INCLUIR LOS CONECTORES NECESARIOS PARA LA CONEXIÓN CON LA TORRE DE SONIDO PROFESIONAL. GARANTÍA DE 1 AÑO, INCLUYE PARTES Y MANO DE OBRA. | F15: UNIDAD | G15: 14 | H15: 1288000 | I15: 0.19 | J15: =ROUND(H15*(1+I15),0) -> 1532720
B16: 6 | C16: EXTENSIONES ELÉCTRICAS | D16: WATTS: 1651W VOLTIOS: AC 110V-127V MÁXIMO POWER:1651W AMPERAJE:13A MEDIDAS: 20M DE CABLE GRUESO WATTS: 1651W VOLTIOS: AC 110V-127V | F16: UNIDAD | G16: 5 | H16: 338100 | I16: 0.19 | J16: =ROUND(H16*(1+I16),0) -> 402339
B17: 7 | C17: AROS DE LUZ | D17: LUZ LED FLASH CON CONTROL, 3 BLANCOS Y 3 MULTICOLOR | F17: UNIDAD | G17: 4 | H17: 499100 | I17: 0.19 | J17: =ROUND(H17*(1+I17),0) -> 593929
B18: 8 | C18: PANTALLA INTERACTIVA | D18: TECNOLOGÍA Y TAMAÑO: PANTALLA INTERACTIVA TÁCTIL (TOUCHSCREEN) DE MÍNIMO 65 PULGADAS. TECNOLOGÍA LED O IPS, ANTIRREFLEJO. EL SISTEMA TÁCTIL DEBE SER PARTE INTEGRAL DEL CHASIS. RESOLUCIÓN Y BRILLO: RESOLUCIÓN MÍNIMA 4K UHD (3840 X 2160). RELACIÓN DE ASPECTO 16:9, CONTRASTE MÍNIMO 1600:1 Y BRILLO MÍNIMO DE 350 CD/M2. ÁNGULO DE VISIÓN MÍNIMO DE 178°. INTERACTIVIDAD: MULTI-TOUCH DE MÍNIMO 10 TOQUES SIMULTÁNEOS. DEBE INCLUIR FUNCIÓN DE SCREEN MIRRORING (PROYECCIÓN INALÁMBRICA DESDE OTROS DISPOSITIVOS). HARDWARE INTERNO: MEMORIA RAM MÍNIMA DE 8 GB. ALMACENAMIENTO INTERNO MÍNIMO DE 500 GB. DEBE CONTAR CON SISTEMA OPERATIVO NATIVO EN SU ÚLTIMA VERSIÓN DISPONIBLE. PROTECCIÓN: PANEL FRONTAL CON VIDRIO TEMPLADO ANTIVANDÁLICO PARA PROTECCIÓN CONTRA GOLPES Y RAYONES. CONECTIVIDAD: MÍNIMO 2 PUERTOS USB 3.0 O SUPERIOR, 1 PUERTO DE RED RJ45, 2 PUERTOS HDMI, 1 PUERTO DISPLAYPORT. CONEXIÓN WI-FI Y BLUETOOTH INTEGRADOS. AUDIO: PARLANTES INTEGRADOS CON SALIDA DE AUDIO Y COMPATIBILIDAD CON ALTAVOCES EXTERNOS. SOFTWARE: SOFTWARE INTERACTIVO DE LA MISMA MARCA DE LA PANTALLA (ENSAMBLE ORIGINAL DE FÁBRICA). LICENCIAMIENTO PERPETUO CON ACTUALIZACIONES GRATUITAS DESCARGABLES POR UN PERIODO NO MENOR A CINCO (5) AÑOS. LA LICENCIA NO DEBE PERDERSE SI SE CAMBIA DE EQUIPO. ACCESORIOS Y SOPORTES: DEBE INCLUIR: CÁMARA WEB INTEGRADA O EXTERNA DE MÍNIMO 1080P CON MICRÓFONO. CONECTORES DE AUDIO 3.5MM. LÁPICES ÓPTICOS (STYLUS), CONTROL REMOTO, CABLE DE PODER, MANUALES, CABLE HDMI, CABLE USB, SEÑALADOR Y ANTENAS WI-FI. DEBE INCLUIR SOPORTE DE PISO METÁLICO CON RUEDAS Y FRENO. CERTIFICACIONES: MANEJO DE CONSUMO DE ENERGÍA ENERGY STAR O EQUIVALENTE (CHINA CERTIFICATE / ECODESIGN). GARANTÍA: TRES (3) AÑOS DE GARANTÍA DIRECTA DE FÁBRICA. | F18: UNIDAD | G18: 3 | H18: 10384500 | I18: 0.19 | J18: =ROUND(H18*(1+I18),0) -> 12357555
B19: 9 | C19: BARRA LED ULTRAVIOLETA (UV) | D19: LONGITUD APROXIMADA DE 1 METRO, EQUIPADA CON MÍNIMO 18 A 24 LEDS UV DE 3W, CON ENTRADA Y SALIDA DMX512 (XLR DE 3 PINES), MÍNIMO 8 CANALES DMX. | F19: UNIDAD | G19: 2 | H19: 281750 | I19: 0.19 | J19: =ROUND(H19*(1+I19),0) -> 335283
B20: 10 | C20: PANTALLA ALL IN ONE DE 65 PULGADAS | D20: PANTALLA ALL IN ONE DE 65 PULGADAS, TECNOLOGÍA DEL PANEL LED Y/O LCD, DURABILIDAD DEL PANEL EN EL RANGO DE 50.000 HORAS MÍNIMO, TECNOLOGÍA MÍNIMO 4K, • RESOLUCIÓN: MÍNIMO 3840 X 2160 O SUPERIOR,TAMAÑO DE PANTALLA: 65" O SUPERIOR, PROTECCIÓN: VIDRIO TEMPLADO DE 4 MM CON ANTIRREFLEJO DE FÁBRICA, CON DUREZA DEL VIDRIO (7 MOHS), RELACIÓN DE ASPECTO: 16:9 O SUPERIOR, CONTRASTE DINÁMICO: 4000:1 O SUPERIOR, • PUERTOS Y CONECTIVIDAD PUERTO HDMI MÍNIMO (1), MÍNIMO (1) PUERTO VGA, PUERTO DE SALIDA DE AUDIO MÍNIMO (1), ENTRADA DE MICRÓFONO MÍNIMO (1) , PUERTOS USB 2.0 MÍNIMO (2), PUERTO USB-C 3.2 (AUDIO, VIDEO, TOUCH), CONTROL EXTERNO Y RECEPTOR DE INFRARROJOS (1), LAN RJ45, AUDIO: POTENCIA PARLANTES 20W (10 WATTS RMS * 2), TECNOLOGÍA TOUCH: INFRARROJO Y/O ULTRA-FINE TOUCH, RESOLUCIÓN TOUCH: 32767 X 32767 O SUPERIOR, TIEMPO DE RESPUESTA: ≤ 10 MS MÍNIMO, TOQUES SIMULTÁNEOS: MÍNIMO 20 EN ANDROID Y 40 EN WINDOWS, MÉTODOS DE TOQUE: DEDO Y/O LÁPIZ, SALIDA TOUCH PC: USB-B / 2.0 Y/O USB-A, COMPATIBILIDAD: PLUG AND PLAY, SISTEMA OPERATIVO: ANDROID MÍNIMO 10.0 CON PLAY STORE, WINDOWS 11 BÁSICO Y/O MAC. CARACTERÍSTICAS DEL COMPUTADOR INTEGRADO (OPS), PROCESADOR: INTEL CORE I7 DE 12 GENERACIÓN, MÍNIMO 2.1 GHZ (O EQUIVALENTE EN AMD), ARQUITECTURA: 64 BITS MEMORIA RAM MÍNIMO 8GB, ALMACENAMIENTO: MÍNIMO 500 GB HDD Y/O 256 GB SSD, TARJETA DE VIDEO: INTEL HD GRAPHICS DE 1 GB, PUERTOS CPU: MÍNIMO 6 PUERTOS USB ADICIONALES Y 1 PUERTO HDMI, RED: * TARJETA DE RED INALÁMBRICA INCORPORADA, TARJETA DE RED 10/100/1000 O SUPERIOR, SOPORTE NORMATIVIDAD 802.11 B/G/N A 300 MBPS, CERTIFICACIONES Y NORMAS: ENERGY STAR, ROHS, REACH SVHC LIST, CE-UL, CUL, FCC-B / ICES-003B, WEEE Y OTRAS NORMAS AMBIENTALES A NIVEL MUNDIA, TECLADO EN ESPAÑOL INALAMBRICO COMPATIBLE CON EL COMPUTADOR INTEGRADO DE LA PANTALLA MOUSE ÓPTICO INALAMBRICO CON SCROLL COMPATIBLE CON EL COMPUTADOR INTEGRADO DE LA PANTALLA, SE DEBE INCLUIR LAS BATERIAS PARA EL TECLADO Y MOUSE MINIMO 4 PARES Y/O BATERIAS RECARGABLES POR USB. GARANTÍA 3 AÑOS EN SITIO, INCLUYE PARTES Y MANO DE OBRA, A PARTIR DEL RECIBO A SATISFACCIÓN POR PARTE DE LA . ASI MISMO DEBE TENER SISTEMA OPERATIVO ANDROID INDEPENDIENTE PARA EL MANEJO E INSTALACION DE APLICACIONES ANDROID. | F20: UNIDAD | G20: 20 | H20: 5635000 | I20: 0.19 | J20: =ROUND(H20*(1+I20),0) -> 6705650
B21: 11 | C21: EXTENSIONES ELÉCTRICAS | D21: WATTS: 1651W VOLTIOS: AC 110V-127V MÁXIMO POWER:1651W AMPERAJE:13A MEDIDAS: 4M, DE CABLE GRUESO | F21: UNIDAD | G21: 3 | H21: 72450 | I21: 0.19 | J21: =ROUND(H21*(1+I21),0) -> 86216
B22: 12 | C22: FILTRO ANTIPOP | D22: REFLEXION NEEWER NW, PARA PROTECCIÓN DEL MICRÓFONO PROFESIONAL. | F22: UNIDAD | G22: 4 | H22: 410550 | I22: 0.19 | J22: =ROUND(H22*(1+I22),0) -> 488555
... B108: 98 | C108: SOPORTE DE TECHO PARA PROYECTOR GITARORIO | D108: ESPECIFICACIONES FÍSICAS TIPO: SOPORTE METÁLICO GIRATORIO PARA VIDEOPROYECTOR SISTEMA DE SUJECIÓN: 4 PUNTOS DE ANCLAJE UNIVERSALES AJUSTABLES MATERIAL: LÁMINA DE ACERO ESTRUCTURAL ESPESOR DEL MATERIAL: 3 MM DIMENSIONES: LARGO: 36 CM ANCHO: 32 CM ALTO (BRAZO): 45 CM (GRADUABLE) ACABADO: PINTURA ELECTROSTÁTICA COLOR NEGRO (RESISTENTE A CORROSIÓN) PESO DEL SOPORTE: 1.52 KG CAPACIDAD DE CARGA: HASTA 20 KG FACTOR DE SEGURIDAD ESTRUCTURAL: ≥ 2 AJUSTES Y MOVILIDAD ROTACIÓN HORIZONTAL: 360° INCLINACIÓN VERTICAL: ±15° A ±30° AJUSTE DE ALTURA: TELESCÓPICO O GRADUABLE HASTA 45 CM NIVELACIÓN FINA: AJUSTE INDEPENDIENTE EN BRAZOS INCLUYE INSTALACIÓN: TECHO Y ELEMENTOS DE FIJACIÓN Y REQUERIMIENTOS ELÉCTRICOS Y DE CANALIZACIÓN | F108: UNIDAD | G108: 1 | H108: 96600 | I108: 0.19 | J108: =ROUND(H108*(1+I108),0) -> 114954
